 Dungeon Crawl Stone Soup version 0.30.1-1-g62c8e00024 (webtiles) character file.

Game seed: 17029114258823181039

12837455 spardeous the Intangible (level 27, 149/149 HPs)
             Began as a Felid Earth Elementalist on July 16, 2023.
             Was an Initiate of Gozag.
             Escaped with the Orb
             ... and 15 runes on July 18, 2023!
             The game lasted 08:40:50 (124117 turns).

spardeous the Intangible (FeEE)                   Turns: 124117, Time: 08:40:51

Health: 149/149    AC:  3    Str: -2 (0)  XL:     27
Magic:  44/44      EV: 42    Int: 27 (28) God:    Gozag
Gold:   2898       SH:  0    Dex: 20      Spells: 1/80 levels left
                                        Lives:  1   Deaths: 3

rFire   + .          .
                       - Unarmed
rCold   + . .        (shield unavailable)
rNeg    + . .        (body armour unavailable)
rPois   .            (helmet unavailable)
rElec   .            (cloak unavailable)
rCorr   .            (gloves unavailable)
SInv    +            (boots unavailable)
Will    ++++.        W - amulet of Vitality {RegenMP++ Regen++}
Stlth   +++          w - ring "Ibal" {Wiz rF+}
HPRegen 2.04/turn    G - ring of Suspicion {rC+ rN+ Int+6 Dex+3}
MPRegen 1.09/turn

%: clarity, wizardry (x1)
@: slowed, lost strength, studying Conjurations, slow
A: very small, claws 1, fangs 3, see invisible, speed 1, shaggy fur 3, stealthy
paws, no weapons or thrown items, no armour, multi-lived, clarity, clumsy 2,
deterioration 2, dopey 2, low MP 2, weak 2, no potion heal 2, cold vulnerability
1, subdued magic 2, inability to read after injury 2, MP-powered wands
0: Orb of Zot
}: 15/15 runes: decaying, slimy, silver, golden, iron, obsidian, icy, bone,
abyssal, demonic, glowing, magical, fiery, dark, gossamer
a: Renounce Religion, Potion Petition, Call Merchant, Bribe Branch


You escaped.
You worshipped Gozag.
Gozag was most pleased with you.
You visited 18 branches of the dungeon, and saw 86 of its levels.
You visited Pandemonium 1 time, and saw 24 of its levels.
You visited the Abyss 2 times.
You also visited: Ossuary, Bailey, Gauntlet and Volcano.

You collected 55567 gold pieces.
You spent 9650 gold pieces at shops.
You paid 43019 gold pieces to Gozag.

Inventory:

Jewellery
 c - the ring of Lepseg {Wiz +Blink rPois rCorr Stlth-}
   (You found it in a Gauntlet)

   [ring of wizardry]

   It improves your spell success rate.
   rPois:     It protects you from poison.
   +Blink:    It lets you blink.
   rCorr:     It protects you from acid and corrosion.
   Stlth:     It makes you less stealthy.
 e - the ring "Ymapne" {MP+9 EV+5}
   (You found it on level 3 of the Tomb of the Ancients)

   [ring of evasion]

   EV:        It affects your evasion (+5).
   MP:        It affects your magic capacity (+9).
 k - the macabre finger necklace {Finger+ rN+}
   (You bought it in a shop on level 1 of the Lair of Beasts)

   [amulet of nothing]

   Finger+:   It enables you to equip an extra ring.
   rN:        It protects you from negative energy.
 o - the ring "Voat" {Fly rCorr Str+3 Int+3 Dex-5}
   (You took it off a rakshasa on level 2 of the Depths)

   [ring of resist corrosion]

   Str:       It affects your strength (+3).
   Int:       It affects your intelligence (+3).
   Dex:       It affects your dexterity (-5).
   Fly:       It grants you flight.
   rCorr:     It protects you from acid and corrosion.
 r - the ring of Xetute {rPois rN+ AC+4 Int+3 Stlth-}
   (You found it in Pandemonium)

   [ring of protection]

   AC:        It affects your AC (+4).
   Int:       It affects your intelligence (+3).
   rPois:     It protects you from poison.
   rN:        It protects you from negative energy.
   Stlth:     It makes you less stealthy.
 s - the ring of the Hare {EV+10}
   (You took it off a deep elf annihilator on level 5 of the Vaults)

   [ring of evasion]

   EV:        It affects your evasion (+10).
 w - the ring "Ibal" (left paw) {Wiz rF+}
   (You found it on level 3 of the Tomb of the Ancients)

   [ring of wizardry]

   It improves your spell success rate.
   rF:        It protects you from fire.
 y - the ring of Icin {Str+6 Int+4}
   (You found it in Pandemonium)

   [ring of strength]

   Str:       It affects your strength (+6).
   Int:       It affects your intelligence (+4).
 D - the ring of Shadows {Umbra +Inv Stlth+}
   (You bought it in a shop on level 1 of the Lair of Beasts)

   [ring of stealth]

   Umbra:     It surrounds you with an aura of shadow, increasing your stealth
   and reducing the accuracy of all others within it.
   +Inv:      It lets you turn invisible.
   Stlth:     It makes you more stealthy.
 F - the ring "Udipti" {rElec rF+ rN++ Int+3 Dex-4}
   (You took it off a deep elf knight on level 3 of the Elven Halls)

   [ring of protection from fire]

   Int:       It affects your intelligence (+3).
   Dex:       It affects your dexterity (-4).
   rF:        It protects you from fire.
   rElec:     It insulates you from electricity.
   rN:        It greatly protects you from negative energy.
 G - the ring of Suspicion (right paw) {rC+ rN+ Int+6 Dex+3}
   (You acquired it on level 1 of the Lair of Beasts)

   [ring of intelligence]

   Int:       It affects your intelligence (+6).
   Dex:       It affects your dexterity (+3).
   rC:        It protects you from cold.
   rN:        It protects you from negative energy.
 I - the ring of the Tortoise {AC+8}
   (You found it on level 3 of the Tomb of the Ancients)

   [ring of protection]

   AC:        It affects your AC (+8).
 M - the dreamshard necklace {*Dream Drain}
   (You found it on level 3 of the Tomb of the Ancients)

   [amulet of nothing]

   *Dream:    It shatters if its wearer takes lethal or near-lethal damage,
   preventing the blow and releasing protective dreams that heal and fight for
   the wearer.
   Drain:     It drains your maximum health when unequipped.
 T - the ring of the Mage {Wiz Archmagi}
   (You bought it in a shop on level 1 of the Lair of Beasts)

   [ring of wizardry]

   It improves your spell success rate.
   Archmagi:  It increases the power of your magical spells.
 W - the amulet of Vitality (around neck) {RegenMP++ Regen++}
   (You bought it in a shop on level 1 of the Lair of Beasts)

   [amulet of magic regeneration]

   It increases your rate of magic regeneration.
   Regen:     It increases your rate of health regeneration.
Wands
 g - a wand of flame (199)
 N - a wand of quicksilver (65)
 O - a wand of polymorph (14)
 R - a wand of iceblast (86)
 U - a wand of digging (41)
 V - a wand of charming (7)
 Z - a wand of mindburst (69)
Scrolls
 b - 11 scrolls of amnesia
 f - 13 scrolls of immolation
 i - 15 scrolls of fog
 l - 3 scrolls of magic mapping
 p - 8 scrolls of silence
 q - 10 scrolls of fear
 A - 6 scrolls of blinking
 B - 22 scrolls of teleportation
 L - 9 scrolls of butterflies
Potions
 a - a potion of magic
 d - 11 potions of lignification
 h - a potion of might
 j - 6 potions of invisibility
 m - 15 potions of flight
 n - 5 potions of attraction
 u - 2 potions of haste
 v - a potion of resistance
 x - 8 potions of berserk rage
 z - 3 potions of brilliance
 C - 34 potions of curing
 E - 8 potions of cancellation
 H - 5 potions of ambrosia
 X - a potion of heal wounds
Miscellaneous
 t - a lightning rod (4/4)
 J - a phantom mirror
 K - a box of beasts
 P - a figurine of a ziggurat
 Q - the horn of Geryon
 Y - a phial of floods


   Skills:
 O Level 27 Fighting
 O Level 27 Dodging
 + Level 21.5 Stealth
 - Level 21.6 Unarmed Combat
 O Level 27 Spellcasting
 - Level 10.0 Conjurations
 - Level 20.3 Necromancy
 - Level 11.3 Translocations
 O Level 27 Transmutations
 O Level 27 Earth Magic


You had one spell level left.
You knew the following spells:

 Your Spells              Type           Power      Damage    Failure   Level
a - Sandblast             Erth           100%       2d20      0%          1
b - Stone Arrow           Conj/Erth      100%       3d13      0%          3
c - Petrify               Tmut/Erth      85%        N/A       0%          4
d - Statue Form           Tmut/Erth      56%        N/A       0%          6
e - Irradiate             Conj/Tmut      35%        3d23      0%          5
f - Borgnjor's Vile Clut  Necr/Erth      40%        N/A       0%          5
g - Leda's Liquefaction   Hex/Erth       31%        N/A       0%          4
h - Shatter               Erth           42%        3d33*     1%          9
i - Swiftness             Air            22%        N/A       1%          3
j - Manifold Assault      Tloc           57%        N/A       0%          4
k - Necromutation         Tmut/Necr      40%        N/A       1%          8
l - Death's Door          Necr           37%        N/A       5%          9
m - Summon Guardian Gole  Hex/Summ       22%        N/A       1%          3
n - Lehudib's Crystal Sp  Conj/Erth      35%        10d9      1%          8
o - Haunt                 Necr/Summ      27%        N/A       2%          7

Your spell library contained the following spells:

 Spells                   Type           Power      Damage    Failure   Level
 Apportation              Tloc           100%       N/A       0%          1
 Beastly Appendage        Tmut           100%       N/A       0%          1
 Kiss of Death            Conj/Necr      100%       2d13      0%          1
 Necrotise                Necr           100%       1d9       0%          1
 Shock                    Conj/Air       100%       1d9       0%          1
 Sting                    Tmut/Pois      100%       1d8       0%          1
 Freeze                   Ice            88%        1d9       1%          1
 Slow                     Hex            88%        N/A       1%          1
 Summon Small Mammal      Summ           88%        N/A       1%          1
 Blink                    Tloc           100%       N/A       0%          2
 Cigotuvi's Dreadful Rot  Necr/Pois/Air  90%        N/A       0%          2
 Passwall                 Tmut/Erth      70%        N/A       0%          2
 Sublimation of Blood     Necr           75%        N/A       0%          2
 Wereblood                Tmut           85%        N/A       0%          2
 Gell's Gravitas          Tloc           57%        N/A       0%          3
 Spider Form              Tmut/Pois      62%        N/A       0%          3
 Teleport Other           Tloc           57%        N/A       0%          3
 Vampiric Draining        Necr           75%        2d11      0%          3
 Anguish                  Hex/Necr       27%        N/A       0%          4
 Dispel Undead            Necr           75%        3d25      0%          4
 Ice Form                 Ice/Tmut       62%        N/A       0%          4
 Iskenderun's Mystic Bla  Conj/Tloc      56%        2d12      0%          4
 Passage of Golubria      Tloc           57%        N/A       0%          4
 Agony                    Necr           75%        N/A       0%          5
 Alistair's Intoxication  Tmut/Pois      41%        N/A       0%          5
 Blade Hands              Tmut           42%        N/A       0%          5
 Lee's Rapid Deconstruct  Erth           42%        3d21*     0%          5
 Yara's Violent Unravell  Hex/Tmut       31%        3d13      0%          5
 Death Channel            Necr           37%        N/A       0%          6
 Dragon Form              Tmut           42%        N/A       0%          7
 Ensorcelled Hibernation  Hex/Ice        44%        N/A       1%          2
 Poisonous Vapours        Pois/Air       44%        N/A       1%          2
 Scorch                   Fire           44%        2d6       1%          2
 Call Canine Familiar     Summ           22%        N/A       1%          3
 Confusing Touch          Hex            22%        N/A       1%          3
 Dazzling Flash           Conj/Hex       78%        N/A       1%          3
 Frozen Ramparts          Ice            44%        1d7       1%          3
 Hailstorm                Conj/Ice       39%        3d9       1%          3
 Inner Flame              Hex/Fire       22%        N/A       1%          3
 Ozocubu's Armour         Ice            22%        N/A       1%          3
 Vhi's Electric Charge    Tloc/Air       82%        N/A       1%          3
 Volatile Blastmotes      Fire/Tloc      82%        2d16      1%          3
 Airstrike                Air            11%        2d(2-18)  1%          4
 Cause Fear               Hex            11%        N/A       1%          4
 Flame Wave               Conj/Fire      39%        2d11      1%          4
 Fulminant Prism          Conj/Hex       19%        3d10      1%          4
 Olgreb's Toxic Radiance  Pois           22%        N/A       1%          4
 Sticky Flame             Conj/Fire      39%        2d6       1%          4
 Summon Ice Beast         Ice/Summ       22%        N/A       1%          4
 Summon Lightning Spire   Summ/Air       22%        N/A       1%          4
 Fireball                 Conj/Fire      19%        3d9       1%          5
 Iskenderun's Battlesphe  Conj           54%        2d10      1%          5
 Dispersal                Tloc           28%        N/A       1%          6
 Storm Form               Tmut/Air       31%        N/A       1%          7
 Borgnjor's Revivificati  Necr           37%        N/A       1%          8
 Infestation              Necr           37%        N/A       1%          8
 Orb of Destruction       Conj           27%        9d9       2%          7
 Conjure Ball Lightning   Conj/Air       19%        3x3d6     4%          6
 Starburst                Conj/Fire      19%        6d7       4%          6
 Metabolic Englaciation   Hex/Ice        11%        N/A       6%          5
 Silence                  Hex/Air        11%        N/A       6%          5
 Summon Mana Viper        Hex/Summ       22%        N/A       6%          5
 Disjunction              Tloc           28%        N/A       14%         8
 Malign Gateway           Summ/Tloc      20%        N/A       21%         7
 Spellforged Servitor     Conj/Summ      19%        N/A       26%         7
 Summon Cactus Giant      Summ           11%        N/A       34%         6
 Enfeeble                 Hex            11%        N/A       88%         7
 Monstrous Menagerie      Summ           11%        N/A       88%         7
 Ozocubu's Refrigeration  Ice            11%        4d9       88%         7
 Discord                  Hex            11%        N/A       100%        8
 Ignition                 Fire           11%        3d5       100%        8
 Maxwell's Capacitive Co  Air            11%        ∞         100%        8
 Summon Horrible Things   Summ           11%        N/A       100%        8
 Chain Lightning          Conj/Air       19%        3d26      100%        9
 Dragon's Call            Summ           11%        N/A       100%        9
 Fire Storm               Conj/Fire      19%        8d5       100%        9
 Animate Armour           Summ/Erth      Unusable   N/A       N/A         4
 Animate Dead             Necr           Unusable   N/A       N/A         4
 Simulacrum               Ice/Necr       Unusable   N/A       N/A         6

Dungeon Overview and Level Annotations

Branches:
Dungeon (15/15)            Temple (1/1) D:5            Lair (5/5) D:8
  Swamp (4/4) Lair:3       Spider (4/4) Lair:2        Slime (5/5) Lair:5
    Orc (2/2) D:11            Elf (3/3) Orc:2        Vaults (5/5) D:14
  Crypt (3/3) Vaults:2       Tomb (3/3) Crypt:3      Depths (4/4) D:15
   Hell (visited)             Dis (7/7) Hell            Geh (7/7) Hell
    Coc (7/7) Hell            Tar (7/7) Hell            Zot (5/5) Depths:4
Ossuary (visited)          Bailey (visited)         Volcano (visited)
Gauntlet (visited)

Altars:
Ashenzari
Cheibriados
Dithmenos
Elyvilon
Fedhas
Gozag
Hepliaklqana
Kikubaaqudgha
Makhleb
Nemelex Xobeh
Okawaru
Qazlal
Ru
Sif Muna
Trog
Uskayaw
Vehumet
Wu Jian
Xom
Yredelemnul
Zin
The Shining One
Jiyva
Lugonu

Shops:
D:1 =   D:3 *   D:10 :   Orc:1 *:(!   Orc:2 *(?:   Lair:1 :!===:*===!:!**==
Vaults:1 (   Vaults:2 [(   Vaults:3 (   Depths:1 *?   Depths:3 (

Portals:
Hell: Depths:1 Depths:2 Depths:3 Depths:4
Abyss: Depths:3 Depths:4
Pandemonium: Orc:2 Depths:4
Ziggurat: Depths:3

Annotations:
Tomb:2 Khufu


Innate Abilities, Weirdness & Mutations

You have sharp claws.
You have razor-sharp teeth.
You have supernaturally acute eyesight. (SInv)
You cover ground quickly. (Speed+)
Your thick and shaggy fur keeps you warm. (AC +3, rC+)
Your paws help you pounce on unaware monsters.
You are incapable of wielding weapons or throwing items.
You cannot wear armour.
You gain extra lives every three experience levels.
You possess an exceptional clarity of mind.
You are very clumsy. (Dex -4)
Your body often deteriorates upon taking damage.
You are very dopey. (Int -4)
Your magical capacity is very low. (-20% MP)
You are very weak. (Str -4)
Potions cannot restore your health.
You are vulnerable to cold. (rC-)
Your spells are easier to cast, but less powerful.
You sometimes lose the ability to read scrolls when taking damage.
You expend magic power (3 MP) to strengthen your wands.


Message History

(V) Vaults (C) Crypt (W) Tomb (U) Depths (H) Hell (I) Dis (G) Gehenna (X) Cocytus (Y) Tartarus (Z) Zot
Where to? (Enter - D:5 @ (x,y), ? - help) HP restored.
You see here a +0 dagger.
There is a stone staircase leading up here.
You climb upwards.
There is a stone staircase leading down here.
(D) Dungeon (T) Temple (L) Lair (S) Swamp (N) Spider Nest (M) Slime Pits (O) Orcish Mines (E) Elven Halls (V) Vaults (C) Crypt (W) Tomb (U) Depths (H) Hell (I) Dis (G) Gehenna (X) Cocytus (Y) Tartarus (Z) Zot
Where to? (Enter - D:3, ? - help)
There is a stone staircase leading up here.
You climb upwards.
There is a stone staircase leading down here.
(D) Dungeon (T) Temple (L) Lair (S) Swamp (N) Spider Nest (M) Slime Pits (O) Orcish Mines (E) Elven Halls (V) Vaults (C) Crypt (W) Tomb (U) Depths (H) Hell (I) Dis (G) Gehenna (X) Cocytus (Y) Tartarus (Z) Zot
Where to? (Enter - D:2, ? - help)
You now have 2898 gold pieces (gained 5).
There is a stone staircase leading up here.
You climb upwards.
There is a stone staircase leading down here.
(D) Dungeon (T) Temple (L) Lair (S) Swamp (N) Spider Nest (M) Slime Pits (O) Orcish Mines (E) Elven Halls (V) Vaults (C) Crypt (W) Tomb (U) Depths (H) Hell (I) Dis (G) Gehenna (X) Cocytus (Y) Tartarus (Z) Zot
Where to? (Enter - D:1, ? - help)
Okay, then.
There is a staircase leading out of the dungeon here.
Done exploring.
There is a staircase leading out of the dungeon here.
You can't go down here!
You have escaped!

#####.....#.# #.....###
............# #.......#######
####........# #.......#......
...##.....#.## #.......#......
##..###......######....[..#......
###...>..........................
..'.......#..##..................
###....#.....##.########.........
###....#...#.#..@.# #........#
......###....#....# #.....(..#
#####.###....##'#'## #####....#
#...........#..####### #....#
##....#.....##..##...###....#
#..........##...).....#.....
#....##....###.......(##.##.
####.......# ###.....##..##.
##........# ########.....


There were no monsters in sight!

Vanquished Creatures
  Cerebov (Pan)
  Antaeus (Coc:7)
  Asmodeus (Geh:7)
  Ereshkigal (Tar:7)
  the Royal Jelly (Slime:5)
  Gloorx Vloq (Pan)
  the Serpent of Hell (Tar:7)
  Mnoleg (Pan)
  Lom Lobon (Pan)
  A seraph (Pan)
  Dispater (Dis:7)
  5 dread liches
  4 ancient liches
  7 orbs of fire
  3 juggernauts
  Mennas (Crypt:2)
  15 royal mummies (Tomb:1)
  Josephina (Zot:1)
  20 shard shrikes
  2 Killer Klowns (Zot:5)
  Frederick (Vaults:2)
  Boris (Vaults:5)
  Parghit (Zot:1)
  the Lernaean hydra (Swamp:4)
  Bai Suzhen (Crypt:1)
  Saint Roka (Vaults:3)
  Xtahua (Vaults:2)
  Margery (Vaults:2)
  4 curse toes
  24 caustic shrikes
  5 golden dragons
  Geryon (Hell)
  22 profane servitors
  16 bone dragons
  2 electric golems
  A pearl dragon (Pan)
  19 Tzitzimimeh
  2 spectral shard shrikes
  6 hellephants
  16 tentacled monstrosities
  8 doom hounds
  14 Brimstone Fiends
  Rupert (D:12)
  Jorgrun (Elf:2)
  15 iron giants
  18 Ice Fiends
  27 tainted leviathans
  29 Hell Sentinels
  9 quicksilver dragons
  17 titans
  19 acid blobs
  3 deep elf blademasters
  13 searing wretches
  31 Orb Guardians
  Grunn (Zot:2)
  9 death cobs
  2 deep elf master archers (Elf:3)
  8 liches
  A walking frostbound tome (Depths:3)
  29 ancient champions
  31 Executioners
  13 sphinxes
  Kirke (Elf:1)
  An eldritch tentacle (Pan)
  Donald (Orc:2)
  15 tentacled starspawn
  6 pandemonium lords
  5 shadow dragons
  7 daevas (Pan)
  10 azure jellies
  6 draconian monks
  2 nagarajas (Abyss:4)
  8 tengu reavers
  5 draconian knights
  8 demonspawn warmongers
  20 fire giants
  8 storm dragons
  7 revenants
  21 vault wardens
  3 narguns
  4 iron dragons
  13 rockslimes
  12 frost giants
  6 emperor scorpions (Spider:4)
  42 balrugs
  11 draconian shifters
  12 quicksilver elementals
  A spectral caustic shrike (Tar:3)
  3 draconian scorchers
  9 deep elf sorcerers
  3 curse skulls
  21 ironbound preservers
  7 ghouls
  2 caustic shrike zombies
  The ghost of LynnLen the Unseen, a journeyman SpEn of Nemelex Xobeh (Swamp:1)
  4 draconian stormcallers
  4 shard shrike simulacra
  15 ghost moths
  The ghost of Kuralita the Martial Artist, a journeyman OpTm of Makhleb (D:15)
  23 cacodemons
  13 angels (Pan)
  4 broodmothers
  3 draconian annihilators
  3 orc warlords
  2 spriggan defenders (Depths:4)
  4 deep elf elementalists (Elf:3)
  A broodmother (shapeshifter) (Depths:3)
  15 quicksilver oozes
  17 reapers
  A juggernaut skeleton (Crypt:2)
  20 war gargoyles
  8 vampire knights
  22 stone giants
  9 ironbound thunderhulks
  6 demonspawn blood saints (Pan)
  9 demonspawn corrupters (Pan)
  10 ophanim (Pan)
  18 very ugly things
  4 bennus
  The ghost of middlethird the Thaumaturge, a journeyman VSRe of Cheibriados (Elf:1)
  9 green draconians
  19 elemental wellsprings
  3 eleionomae
  30 lorocyprocas
  11 apis (Pan)
  6 demonspawn black suns (Pan)
  12 black draconians
  Azrael (Elf:1)
  36 putrid mouths
  11 deep elf annihilators
  6 purple draconians
  10 red draconians
  A minotaur (Gauntlet)
  7 deep elf demonologists
  15 white draconians
  8 yellow draconians
  19 iron golems
  7 wendigos
  12 deep elf death magi
  12 ettins
  5 bunyips
  12 dire elephants
  9 eidola
  A spark wasp (Spider:2)
  10 mummy priests
  25 blizzard demons
  3 crystal guardians
  A spectral quicksilver dragon (Tar:4)
  10 green deaths
  A quicksilver dragon zombie (Crypt:3)
  6 fire dragons
  5 yaktaur captains
  6 deep elf high priests
  9 great orbs of eyes
  5 entropy weavers
  2 spectral krakens (Tar:7)
  19 jiangshi
  A spectral golden dragon (Tar:7)
  38 vault guards
  18 ice dragons
  6 hell beasts
  3 juggernaut simulacra
  4 spectral spriggans
  2 spriggan zombies (Crypt:3)
  10 caustic shrike simulacra
  A peacekeeper (Vaults:3)
  8 ironbound frosthearts
  6 spriggan air magi
  A spectral shadow dragon (Tar:2)
  9 rakshasas
  9 two-headed ogres
  2 catoblepae
  8 salamander tyrants
  3 demonspawn (Orc:2)
  7 ghost crabs
  7 alligators
  19 hydras
  A spectral tengu (Tar:2)
  A merfolk avatar (Abyss:3)
  6 radroaches
  4 spriggan skeletons
  An ogre mage (D:15)
  6 boulder beetles
  25 dancing weapons
  5 stokers
  7 centaur warriors
  5 death knights
  5 tengu warriors
  27 death scarabs
  A two-headed ogre (shapeshifter) (Elf:3)
  The ghost of booth the Destroyer, a journeyman DrCj of Hepliaklqana (D:11)
  8 deep troll shamans
  6 spriggan berserkers
  2 spectral dire elephants
  7 deep troll earth magi
  10 thrashing horrors
  12 hell hogs
  10 vampire magi
  8 death yaks
  Urug (D:14)
  39 soul eaters
  6 hell knights
  10 orc high priests
  Sonja (Lair:4)
  13 deep elf knights
  16 crystal echidnas
  An emperor scorpion zombie (Crypt:2)
  8 wretched stars
  68 sun demons
  A fire crab (shapeshifter) (Depths:3)
  A spectral bunyip (Tar:1)
  A storm dragon skeleton (Tomb:2)
  A skyshark (Lair:3)
  A fire crab (Lair:4)
  34 sixfirhies
  8 iron trolls
  54 skeletal warriors
  4 pharaoh ants
  A spatial maelstrom (Abyss:3)
  14 shadow wraiths
  9 cherubim
  12 shadow demons
  2 sun moths (Spider:1)
  A swamp dragon (shapeshifter) (Abyss:3)
  2 anaconda zombies (Hell)
  52 deep trolls
  4 goliath frogs
  5 flayed ghosts
  An orange crystal statue (Hell)
  5 glowing orange brains
  7 bog bodies
  4 quicksilver dragon simulacra
  9 spriggan druids
  An orb spider (shapeshifter) (D:15)
  A golden dragon skeleton (Crypt:2)
  7 orb spiders
  A spectral anaconda (Lair:5)
  A kraken simulacrum (Hell)
  9 deep elf archers
  8 phantasmal warriors
  12 lindwurms
  3 bunyip skeletons
  19 wizards
  2 obsidian statues
  13 swamp dragons
  Pikel (D:6)
  8 harpies
  2 anaconda skeletons
  65 large abominations
  2 spectral hydras
  8 steelbarb worms
  9 orc knights
  13 necromancers
  42 deep elf pyromancers
  4 manticores
  5 orc sorcerers
  28 ugly things
  18 ironbound convokers
  10 shining eyes
  22 deep elf zephyrmancers
  33 starcursed masses
  5 will-o-the-wisps
  4 worldbinders
  A salamander (D:15)
  34 moths of wrath
  21 wolf spiders
  4 cyclopes
  3 spectral centaurs (Tar:1)
  A toenail golem (Depths:1)
  A water nymph (shapeshifter) (Vaults:5)
  2 dire elephant zombies
  2 oklob plants (Lair:2)
  2 ice statues
  17 vault sentinels
  6 apocalypse crabs
  A stone giant skeleton (Crypt:2)
  7 molten gargoyles (Geh:7)
  4 rust devils
  24 elephants
  3 gargoyles
  22 demonic crawlers
  10 black mambas
  2 naga zombies (Crypt:3)
  43 orange demons
  9 spectral swamp worms (Tar:7)
  4 dire elephant skeletons
  3 eyes of devastation
  An orc skeleton (Pan)
  51 smoke demons
  A storm dragon simulacrum (Coc:1)
  14 freezing wraiths
  A centaur skeleton (Pan)
  4 titan simulacra
  2 torpor snails
  5 rime drakes
  3 unseen horrors
  A kobold demonologist (D:12)
  30 hellions
  A sea snake zombie (Hell)
  15 guardian mummies
  11 komodo dragons
  An unseen horror (shapeshifter) (Elf:1)
  10 cane toads
  A swamp worm zombie (Crypt:1)
  19 yaktaurs
  5 tengu conjurers
  2 yaktaurs (shapeshifter) (Vaults:5)
  3 bunyip simulacra
  18 efreet
  5 iron giant simulacra
  4 spectral nagas
  A grey draconian skeleton (Crypt:3)
  A green draconian skeleton (Crypt:3)
  19 tormentors
  5 anaconda simulacra
  5 trolls
  15 ancient zymes
  7 ice devils
  2 white draconian skeletons
  4 bloated husks
  3 golden dragon simulacra
  11 hellwings
  A polar bear (shapeshifter) (Vaults:5)
  A hydra zombie (Hell)
  6 meliai
  A sea snake skeleton (Hell)
  13 hornets
  2 spectral harpies
  A harpy zombie (Crypt:2)
  2 polar bears
  2 red devils
  9 tyrant leeches
  2 harpy skeletons
  A shadow dragon simulacrum (Coc:1)
  10 raiju (Abyss:3)
  24 tarantellas
  30 blink frogs
  A radroach zombie (Crypt:3)
  A dream sheep (shapeshifter) (Depths:2)
  An ettin zombie (Crypt:2)
  A draconian simulacrum (Zot:1)
  7 dream sheep (Lair:3)
  101 slime creatures
  A jumping spider (shapeshifter) (D:14)
  A fire dragon zombie (Crypt:1)
  A stone giant simulacrum (Crypt:3)
  A guardian serpent zombie (Crypt:3)
  36 jumping spiders
  An iron dragon simulacrum (Coc:6)
  14 flying skulls
  A culicivora (shapeshifter) (Depths:3)
  A centaur simulacrum (Crypt:3)
  5 ushabtiu (Tomb:1)
  9 vampires
  3 shadows
  An air elemental (Elf:1)
  23 culicivoras
  8 wraiths
  3 alligator skeletons
  3 dire elephant simulacra
  43 yaks
  4 basilisks
  13 spriggans
  6 hogs (Elf:1)
  6 water elementals
  8 wyverns
  38 ynoxinuls
  An alligator snapping turtle simulacrum (Coc:1)
  A naga simulacrum (Coc:6)
  A spectral komodo dragon (Lair:3)
  2 black mamba skeletons
  A purple draconian simulacrum (Zot:1)
  16 humans (D:14)
  4 fire bats (Abyss:4)
  34 neqoxecs
  4 fire elementals
  7 golden eyes
  14 vampire mosquitoes
  A wind drake skeleton (Crypt:1)
  33 chaos spawn
  5 steam dragons
  A yellow draconian simulacrum (Zot:1)
  A water nymph zombie (Crypt:2)
  13 harpy simulacra
  49 redbacks
  7 wargs
  An acid dragon (D:10)
  17 water moccasins
  11 swamp worms
  3 hydra simulacra
  A floating eye (Depths:1)
  3 hell hounds (Elf:1)
  47 orc warriors
  3 sky beasts (D:7)
  A black bear (shapeshifter) (Abyss:1)
  3 naga skeletons
  9 swamp drakes
  A dream sheep zombie (Crypt:1)
  4 ettin simulacra
  The ghost of cowcol the Trooper, an amateur MiFi (D:3)
  2 ice beasts
  2 black bears
  25 small abominations
  6 ogres
  15 boggarts
  2 elephant skeletons (Lair:5)
  10 wolves
  A spectral rime drake (Lair:3)
  10 centaurs
  2 phantoms
  2 lemures (D:6)
  5 kobold brigands
  14 bullfrogs
  2 necrophages
  3 earth elementals
  2 gnoll sergeants (D:8)
  A yaktaur skeleton (Crypt:1)
  3 scorpions
  13 wights
  A warg zombie (Crypt:2)
  An elephant simulacrum (Lair:5)
  A yak zombie (Crypt:1)
  4 howler monkeys
  29 orc priests
  3 jellies
  2 quasits (Abyss:3)
  4 hounds
  2 iron imps
  3 sleepcaps
  A gnoll bouda (D:7)
  5 iguanas
  26 orc wizards
  A black bear skeleton (Crypt:1)
  9 hell rats
  A boggart skeleton (Crypt:3)
  A tengu zombie (Crypt:1)
  An acid dragon skeleton (Crypt:1)
  48 mummies
  Robin (D:3)
  8 adders
  13 gnolls
  5 river rats (Lair:1)
  A river rat (shapeshifter) (Elf:3)
  2 shadow imps
  9 white imps
  A lava snake skeleton (Crypt:2)
  A worm (shapeshifter) (Depths:1)
  2 worms (D:5)
  3 dart slugs (D:1)
  77 orcs
  4 endoplasms
  2 giant cockroaches (D:1)
  25 goblins
  26 hobgoblins
  7 jackals
  33 kobolds
  4 quokkas
  8 ball pythons
  A ball python zombie (Crypt:3)
  7 bats
  9 frilled lizards
  A frilled lizard zombie (Crypt:1)
  A gnoll skeleton (Crypt:3)
  2 gnoll zombies (Ossuary)
  2 hobgoblin zombies (Ossuary)
  A jackal zombie (Crypt:2)
  3 kobold zombies (Ossuary)
  An orc zombie (Ossuary)
  12 rats
  6 creeping infernos
  9 fire vortices
  2 lurking horrors
  8 starspawn tentacles
  4 tentacles (Tar:7)
4246 creatures vanquished.

Vanquished Creatures (collateral kills)
  An orb of fire (Zot:5)
  An ancient champion (Tomb:3)
  A juggernaut zombie (Tomb:3)
  4 bennus (Tomb:3)
  A white draconian (Zot:5)
  A mummy priest (Tomb:3)
  7 death scarabs
  2 skeletal warriors (Tomb:3)
  3 guardian mummies (Tomb:3)
  3 mummies
24 creatures vanquished.

Vanquished Creatures (others)
  A pandemonium lord (Pan)
  7 royal mummies (Tomb:3)
  A shard shrike (Coc:7)
  A hellephant (Geh:7)
  2 ancient champions (Tomb:3)
  A demonspawn warmonger (Pan)
  A ghost moth (Pan)
  A balrug (Geh:5)
  3 demonspawn blood saints (Pan)
  5 bennus (Tomb:3)
  5 mummy priests
  2 juggernaut simulacra
  2 caustic shrike simulacra (Coc:6)
  3 death scarabs
  2 sun demons (Pan)
  5 skeletal warriors (Tomb:3)
  A deep troll (Depths:3)
  A cherub (Pan)
  A molten gargoyle (Geh:7)
  A smoke demon (Pan)
  13 guardian mummies
  4 flying skulls (Tomb:3)
  A slime creature (Slime:5)
  A ynoxinul (Abyss:3)
  A shadow (Abyss:3)
  2 ushabtiu (Tomb:3)
  10 large abominations
  A wraith (Abyss:1)
  A human (Elf:1)
  A neqoxec (Abyss:3)
  A swamp worm (Swamp:1)
  A swamp drake (Swamp:4)
  A centaur (D:7)
  A naga simulacrum (Coc:7)
  6 mummies (Tomb:3)
  4 ball lightnings (Pan)
  5 creeping infernos
  A fire vortex (Geh:1)
  22 foxfires
  A lurking horror (Abyss:4)
  38 starspawn tentacles
  16 tentacles
178 creatures vanquished.

Grand Total: 4448 creatures vanquished

Notes
Turn   | Place    | Note
-------+----------+-------------------------------------------
     0 | D:1      | spardeous the Felid Earth Elementalist began the quest for
                  | the Orb.
     0 | D:1      | Reached XP level 1. HP: 7/7 MP: 4/4
   341 | D:2      | Reached XP level 2. HP: 11/11 MP: 1/6
   553 | D:3      | Reached XP level 3. HP: 14/14 MP: 5/7
   999 | D:4      | Reached XP level 4. HP: 8/18 MP: 3/8
  1085 | D:4      | Noticed an ogre
  1088 | D:4      | Killed an ogre
  1089 | D:4      | Reached skill level 5 in Earth Magic
  1089 | D:4      | Reached XP level 5. HP: 21/21 MP: 6/9
  1103 | D:4      | Noticed a water moccasin
  1768 | D:5      | Entered Level 5 of the Dungeon
  1849 | D:5      | Learned a level 3 spell: Stone Arrow
  1854 | D:5      | Learned a level 4 spell: Petrify
  1868 | D:5      | Reached skill level 5 in Dodging
  1868 | D:5      | Gained mutation: You are covered in thick fur. (AC +2)
                  | [Felid growth]
  1868 | D:5      | Reached XP level 6. HP: 24/24 MP: 10/10
  1991 | D:5      | Reached skill level 1 in Conjurations
  2057 | D:5      | Reached XP level 7. HP: 27/27 MP: 11/11
  2348 | D:5      | Found a staircase to the Ecumenical Temple.
  2592 | D:4      | Reached skill level 5 in Conjurations
  3040 | Temple   | Entered the Ecumenical Temple
  3131 | Temple   | Became a worshipper of Gozag Ym Sagoz the Greedy
  3545 | D:3      | Reached XP level 8. HP: 3/31 MP: 12/12
  3701 | D:3      | Found Jauthrear's Assorted Antiques.
  3708 | D:3      | Bought a wavering lead ring for 140 gold pieces
  3708 | D:3      | Identified the ring of Midghat {Fly Str+8 Stlth+} (You
                  | bought it in a shop on level 3 of the Dungeon)
  3737 | D:3      | Noticed Robin
  3777 | D:3      | Killed Robin
  3916 | D:3      | Found a runed translucent door.
  3926 | D:3      | Noticed cowcol's ghost (amateur MiFi)
  4323 | D:3      | Killed cowcol's ghost
  4476 | D:2      | Found a faded altar of an unknown god.
  4646 | D:2      | Found a radiant altar of Vehumet.
  5204 | D:1      | Found Reum's One-of-a-Kind Rings.
  5570 | D:6      | Found a sand-covered staircase.
  5575 | Ossuary  | Entered an ossuary
  6015 | Ossuary  | Gained mutation: You occasionally shout uncontrollably at
                  | your foes. [potion of mutation]
  6015 | Ossuary  | Gained mutation: You are dopey. (Int -2) [potion of
                  | mutation]
  6015 | Ossuary  | Gained mutation: You are clumsy. (Dex -2) [potion of
                  | mutation]
  6016 | Ossuary  | Lost mutation: You are clumsy. (Dex -2) [potion of
                  | mutation]
  6016 | Ossuary  | Lost mutation: You are dopey. (Int -2) [potion of mutation]
  6016 | Ossuary  | Gained mutation: You occasionally lose the ability to read
                  | scrolls when taking damage. [potion of mutation]
  6016 | Ossuary  | Gained mutation: You occasionally lose the ability to drink
                  | potions when taking damage. [potion of mutation]
  6016 | Ossuary  | Gained mutation: You are agile. (Dex +4, Str/Int -1)
                  | [potion of mutation]
  6489 | D:6      | Noticed Pikel
  6495 | D:6      | Killed Pikel
  6496 | D:6      | Reached XP level 9. HP: 34/34 MP: 10/13
  6575 | D:6      | Found a glowing golden altar of the Shining One.
  6704 | D:6      | Found a bloodstained altar of Trog.
  6812 | D:6      | Found a shimmering blue altar of Sif Muna.
  6842 | D:6      | Got Sif Muna's Papyrus of Non-Euclidean Permutations
  7214 | D:6      | Found an iron altar of Okawaru.
  7232 | D:6      | Found a hide-covered altar of Uskayaw.
  8175 | D:7      | Found a shadowy altar of Dithmenos.
  8942 | D:7      | Noticed a boulder beetle
  8943 | D:7      | Noticed a two-headed ogre
  9378 | D:7      | Reached XP level 10. HP: 37/37 MP: 14/14
  9578 | D:7      | Killed a two-headed ogre
  9806 | D:8      | Noticed a deep elf pyromancer
  9811 | D:8      | Killed a deep elf pyromancer
  9812 | D:8      | Reached skill level 10 in Earth Magic
 10174 | D:8      | Reached skill level 1 in Fighting
 10325 | D:8      | Noticed a gargoyle
 10337 | D:8      | Killed a gargoyle
 10382 | D:8      | Found a staircase to the Lair.
 10454 | D:8      | Reached skill level 5 in Spellcasting
 10511 | D:8      | Got Bumuf's Atlas of Mercurial Creation
 10797 | D:8      | Noticed a boulder beetle
 10878 | D:8      | Noticed a cyclops
 10895 | D:8      | Killed a cyclops
 11243 | D:8      | Reached skill level 1 in Unarmed Combat
 11251 | D:8      | Reached XP level 11. HP: 21/45 MP: 21/21
 12123 | D:8      | Identified the +5 short sword "Beast's Undoing" {venom,
                  | rElec rF+}
 12123 | D:8      | Noticed a deep elf pyromancer
 12217 | D:8      | Killed a deep elf pyromancer
 12281 | Lair:1   | Entered Level 1 of the Lair of Beasts
 12408 | Lair:1   | Reached skill level 5 in Unarmed Combat
 12567 | Lair:1   | Noticed an eight-headed hydra
 12596 | Lair:1   | Killed an eight-headed hydra
 12757 | Lair:1   | Identified a scroll of acquirement
 12877 | Lair:1   | Acquired the ring of Suspicion {rC+ rN+ Int+6 Dex+3}
 13308 | Lair:1   | Reached skill level 10 in Dodging
 13667 | Lair:1   | Gained mutation: Your thick and shaggy fur keeps you warm.
                  | (AC +3, rC+) [Felid growth]
 13667 | Lair:1   | Reached XP level 12. HP: 50/50 MP: 18/22
 14141 | Lair:1   | Bought a potion of mutation for 104 gold pieces
 14141 | Lair:1   | Lost mutation: You occasionally lose the ability to drink
                  | potions when taking damage. [potion of mutation]
 14141 | Lair:1   | Lost mutation: You occasionally shout uncontrollably at
                  | your foes. [potion of mutation]
 14141 | Lair:1   | Lost mutation: You occasionally lose the ability to read
                  | scrolls when taking damage. [potion of mutation]
 14141 | Lair:1   | Gained mutation: Your mind is acute. (Int +4, Str/Dex -1)
                  | [potion of mutation]
 14141 | Lair:1   | Gained mutation: You have hidden genetic potential. [potion
                  | of mutation]
 14584 | Lair:2   | Found a hole to the Spider Nest.
 16422 | Lair:3   | Noticed a catoblepas
 16439 | Lair:3   | Killed a catoblepas
 16459 | Lair:3   | Reached skill level 5 in Transmutations
 16595 | Lair:3   | Identified the +0 scale mail of the New World {rCorr}
 17328 | Lair:3   | Noticed a ghost crab
 17544 | Lair:3   | Reached XP level 13. HP: 54/54 MP: 3/26
 17927 | Lair:3   | Found a staircase to the Swamp.
 18045 | Lair:4   | Gained mutation: You are very agile. (Dex +8, Str/Int -2)
                  | [hidden potential]
 19172 | Lair:4   | Reached skill level 10 in Spellcasting
 19763 | Lair:4   | Noticed Sonja
 19770 | Lair:4   | Killed Sonja
 19771 | Lair:4   | Reached skill level 10 in Transmutations
 20121 | Lair:1   | Bought the Incunabulum of Accompaniment and the Crater for
                  | 672 gold pieces
 20130 | Lair:1   | Learned a level 6 spell: Statue Form
 20136 | Lair:1   | Learned a level 5 spell: Irradiate
 20172 | D:8      | Reached skill level 5 in Fighting
 20826 | Lair:5   | Entered Level 5 of the Lair of Beasts
 21218 | Lair:5   | Reached XP level 14. HP: 63/63 MP: 20/29
 21380 | Lair:5   | Gained mutation: Your flesh is heat resistant. (rF+)
                  | [hidden potential]
 21380 | Lair:5   | Lost mutation: You have hidden genetic potential. [hidden
                  | potential expressed]
 21385 | Lair:5   | Found a dark tunnel.
 21394 | Volcano  | Entered a volcano
 21668 | Lair:5   | Found a staircase to the Slime Pits.
 21980 | Lair:5   | Reached skill level 10 in Fighting
 22553 | Lair:1   | Bought the amulet of Vitality {RegenMP++ Regen++} for 1200
                  | gold pieces
 22553 | Lair:1   | Found the amulet of Vitality {RegenMP++ Regen++}
 23023 | Lair:5   | Reached skill level 10 in Conjurations
 23212 | Lair:5   | Reached skill level 5 in Stealth
 23907 | D:9      | Got the Secrets of Bad Luck
 24029 | D:9      | Learned a level 5 spell: Borgnjor's Vile Clutch
 24320 | D:10     | Entered Level 10 of the Dungeon
 24350 | D:10     | Reached skill level 1 in Necromancy
 24398 | D:10     | Found Dainu's Book Shop.
 24562 | D:10     | Found a flagged portal.
 24579 | Bailey   | Entered a bailey
 24866 | Bailey   | Noticed an orc warlord
 24890 | Bailey   | Killed an orc warlord
 25385 | D:11     | Reached skill level 5 in Necromancy
 25470 | D:11     | Found a runed translucent gate.
 25470 | D:11     | Found a runed translucent gate.
 25470 | D:11     | Found a runed translucent gate.
 25513 | D:11     | Found a radiant altar of Vehumet.
 25820 | D:11     | Noticed booth's ghost (journeyman DrCj)
 25873 | D:11     | Found a staircase to the Orcish Mines.
 26158 | D:12     | Noticed Rupert
 26193 | D:12     | Killed Rupert
 27208 | Lair:1   | Acquired 568 gold pieces
 27216 | Lair:1   | Bought the ring of the Mage {Wiz Archmagi} for 714 gold
                  | pieces
 27216 | Lair:1   | Found the ring of the Mage {Wiz Archmagi}
 27351 | Orc:1    | Entered Level 1 of the Orcish Mines
 27368 | D:11     | Learned a level 4 spell: Leda's Liquefaction
 27378 | Orc:1    | Reached XP level 15. HP: 69/69 MP: 20/30
 27478 | Orc:1    | Found Rixom's Book Boutique.
 27484 | Orc:1    | Found a transporter.
 27570 | Orc:1    | Found Qibregewn's Distillery.
 27752 | Orc:2    | Entered Level 2 of the Orcish Mines
 27785 | Orc:2    | Noticed Donald
 27797 | Orc:2    | Killed Donald
 27917 | Orc:2    | Found a staircase to the Elven Halls.
 28224 | Orc:2    | Found Ilumo's Magic Scroll Emporium.
 28235 | Orc:2    | Found Wenycopn's General Store.
 28288 | Orc:2    | Reached skill level 10 in Necromancy
 28415 | Orc:2    | Found Meuskon's Antique Weapon Boutique.
 28415 | Orc:2    | Found Uhaoq's Book Shop.
 28416 | Orc:2    | Found a one-way gate leading to the halls of Pandemonium.
 28782 | Orc:1    | Paralysed by an orc sorcerer for 3 turns
 28797 | Orc:1    | Found Imerr's General Store.
 28852 | Orc:1    | Found a transporter.
 28859 | Orc:1    | Found Pewega's Antique Weapon Shop.
 29175 | D:11     | Killed booth's ghost
 29752 | D:13     | Found a gate leading to a gauntlet.
 29767 | Gauntlet | Entered a Gauntlet
 29767 | Gauntlet | Found a large runed translucent door.
 29767 | Gauntlet | Found a large runed translucent door.
 29767 | Gauntlet | Found a large runed translucent door.
 29767 | Gauntlet | Found a large runed translucent door.
 29767 | Gauntlet | Found a large runed translucent door.
 29767 | Gauntlet | Found a large runed translucent door.
 29767 | Gauntlet | Found a large runed translucent door.
 29767 | Gauntlet | Found a large runed translucent door.
 29767 | Gauntlet | Found a runed translucent door.
 29767 | Gauntlet | Found a runed translucent gate.
 29767 | Gauntlet | Found a transporter.
 29767 | Gauntlet | Found a transporter.
 29767 | Gauntlet | Found a runed translucent gate.
 29767 | Gauntlet | Found a transporter.
 29767 | Gauntlet | Found a transporter.
 29771 | Gauntlet | Found a transporter.
 29771 | Gauntlet | Found a transporter.
 29772 | Gauntlet | Found a runed translucent gate.
 29772 | Gauntlet | Found a runed translucent door.
 29776 | Gauntlet | Found a large runed translucent door.
 29776 | Gauntlet | Found a large runed translucent door.
 29781 | Gauntlet | Found a transporter.
 29785 | Gauntlet | Found a transporter.
 29795 | Gauntlet | Found a transporter.
 29840 | Gauntlet | Found a large runed translucent door.
 29840 | Gauntlet | Found a large runed translucent door.
 29843 | Gauntlet | Found a large runed translucent door.
 29843 | Gauntlet | Found a large runed translucent door.
 29844 | Gauntlet | Found a large runed translucent door.
 29845 | Gauntlet | Found a large runed translucent door.
 29895 | Gauntlet | Found a transporter.
 29899 | Gauntlet | Found a transporter.
 29909 | Gauntlet | Found a transporter.
 30133 | Gauntlet | Identified the ring of Lepseg {Wiz +Blink rPois rCorr
                  | Stlth-}
 30150 | Gauntlet | Identified the +9 falchion "Egej Hiyxoe" {freeze, Int+3}
 30150 | Gauntlet | Identified the +0 plate armour of Fanaticism {rPois rC-
                  | Str+6}
 30170 | Gauntlet | Identified the +3 quarterstaff of Evoyvorph {heavy, rPois
                  | rN+ Will- Dex+4}
 31020 | D:14     | Noticed Urug
 31020 | D:14     | Found a gate to the Vaults.
 31028 | D:14     | Killed Urug
 31097 | D:14     | Found a large runed translucent door.
 31199 | D:14     | Found a large runed translucent door.
 31333 | D:14     | Reached skill level 15 in Dodging
 31472 | D:14     | Reached XP level 16. HP: 73/73 MP: 25/31
 32903 | D:15     | Entered Level 15 of the Dungeon
 33358 | D:15     | Found a large runed translucent door.
 33359 | D:15     | Found a large runed translucent door.
 33363 | D:15     | Noticed Kuralita's ghost (journeyman OpTm)
 33561 | D:15     | Found a staircase to the Depths.
 33618 | D:15     | Killed Kuralita's ghost
 33849 | Spider:1 | Entered Level 1 of the Spider Nest
 34574 | Spider:2 | Lost strength.
 34900 | Lair:1   | Bought the ring "Efates" {rC+ AC+4 Str+2 Dex-3} for 670
                  | gold pieces
 36570 | Spider:3 | Reached XP level 17. HP: 76/76 MP: 20/32
 37400 | Spider:4 | Entered Level 4 of the Spider Nest
 37689 | Spider:4 | Lost strength.
 38260 | Spider:4 | Reached skill level 15 in Earth Magic
 38399 | Spider:4 | Got a gossamer rune of Zot
 38693 | Swamp:1  | Entered Level 1 of the Swamp
 38801 | Swamp:1  | Found a runed translucent gate.
 38801 | Swamp:1  | Found a runed translucent gate.
 38825 | Swamp:1  | Found a runed translucent gate.
 38826 | Swamp:1  | Noticed LynnLen's ghost (journeyman SpEn)
 39034 | Swamp:1  | You fall into a shaft and drop 1 floor!
 39034 | Swamp:2  | Found a runed translucent door.
 39206 | Swamp:1  | Reached XP level 18. HP: 80/80 MP: 26/33
 39240 | Swamp:1  | Identified the +3 war axe "Hikaed" {freeze, rElec rPois
                  | rF+++ Will-}
 40707 | Swamp:4  | Entered Level 4 of the Swamp
 41053 | Swamp:4  | Noticed the 27-headed Lernaean hydra
 41076 | Swamp:4  | Killed the 27-headed Lernaean hydra
 41841 | Swamp:4  | Got a decaying rune of Zot
 42808 | Lair:1   | Learned a level 9 spell: Shatter
 42813 | Lair:1   | Bought a potion of heal wounds for 160 gold pieces
 42989 | Elf:1    | Entered Level 1 of the Elven Halls
 43228 | Elf:1    | Paralysed by an air elemental for 1 turns
 43416 | Elf:1    | Found a runed translucent gate.
 43416 | Elf:1    | Found a runed translucent gate.
 43416 | Elf:1    | Found a runed translucent gate.
 43417 | Elf:1    | Found a viscous altar of Jiyva.
 43417 | Elf:1    | Noticed middlethird's ghost (journeyman VSRe)
 43666 | Elf:1    | Noticed Kirke
 43676 | Elf:1    | Killed Kirke
 43786 | Elf:1    | Noticed Azrael
 43798 | Elf:1    | Killed Azrael
 44287 | Elf:1    | Identified the +0 morningstar "Plog" {protect, Str-2 Dex+4}
 44403 | Vaults:1 | Entered Level 1 of the Vaults
 44422 | Vaults:1 | Reached XP level 19. HP: 84/84 MP: 11/34
 44926 | Vaults:1 | Found Suweoppacepp's Weapon Emporium.
 45586 | Vaults:2 | Noticed Margery
 45592 | Vaults:2 | Killed Margery
 45675 | Vaults:2 | HP: 1/109 [disintegration (108)]
 45718 | Vaults:2 | Found a staircase to the Crypt.
 45805 | Vaults:2 | Noticed Xtahua
 45814 | Vaults:2 | Killed Xtahua
 45825 | Vaults:2 | Noticed Frederick
 45844 | Vaults:2 | Killed Frederick
 46288 | Vaults:2 | Found Vid Ysej's Weapon Emporium.
 46397 | Vaults:2 | Found Viydghi's Antique Armour Emporium.
 46426 | Vaults:2 | Reached XP level 20. HP: 90/90 MP: 35/35
 47043 | Vaults:3 | Noticed Saint Roka
 47048 | Vaults:3 | Paralysed by a sphinx for 5 turns
 47051 | Vaults:3 | HP: 1/117 [deep troll[an ironbound preserver] (12)]
 47051 | Vaults:3 | Slain by an ironbound convoker
 47052 | Vaults:3 | Reached XP level 19. HP: -2/111 MP: 8/34
 47117 | Vaults:3 | Killed Saint Roka
 47118 | Vaults:3 | Reached skill level 10 in Unarmed Combat
 47695 | Vaults:3 | Found Domug's Weapon Shop.
 49360 | Depths:1 | Entered Level 1 of the Depths
 49488 | D:15     | Reached XP level 20. HP: 69/94 MP: 21/35
 49560 | Depths:1 | Found a gateway to Hell.
 49614 | Depths:1 | Found Cohiemurph's General Store.
 49622 | Depths:1 | Found Jeckau Athu's Magic Scroll Shoppe.
 49649 | Depths:1 | Found a sparkling altar of Nemelex Xobeh.
 49880 | Depths:1 | Found a runed translucent door.
 50375 | Depths:2 | Found a transporter.
 50723 | Depths:2 | Found a radiant altar of Vehumet.
 50731 | Depths:2 | Identified the ring "Voat" {Fly rCorr Str+3 Int+3 Dex-5}
 50911 | Depths:2 | an acid blob changed into a golden dragon
 50911 | Depths:2 | Noticed a golden dragon (glowing shapeshifter)
 50913 | Depths:2 | a golden dragon changed into an acid blob
 51076 | Depths:3 | Found a one-way gate to the infinite horrors of the Abyss.
 51263 | Depths:3 | Identified the +9 long sword "Pomitrua" {drain, rN++ Str+5
                  | Stlth-}
 51634 | Depths:3 | Found a one-way gateway to a ziggurat.
 51687 | Depths:3 | Found Lixined's Antique Weapon Boutique.
 52347 | Depths:4 | Entered Level 4 of the Depths
 52361 | Depths:4 | Found a shimmering blue altar of Sif Muna.
 52364 | Depths:4 | Noticed a juggernaut
 52384 | Depths:4 | Killed a juggernaut
 52535 | Depths:4 | Reached XP level 21. HP: 99/99 MP: 21/36
 53064 | Depths:4 | Found a corrupted altar of Lugonu.
 53185 | Depths:4 | Found an opulent altar of Gozag.
 53254 | Depths:4 | Noticed a golden dragon
 53268 | Depths:4 | Found a gate to the Realm of Zot.
 53277 | Depths:4 | Killed a golden dragon
 54041 | Lair:1   | Bought a manual of Unarmed Combat for 880 gold pieces
 54041 | Lair:1   | Bought a manual of Transmutations for 880 gold pieces
 54429 | Depths:2 | Got An Early Guide to Mysticism
 54459 | Depths:2 | Found a transporter.
 54715 | Depths:1 | Learned a level 3 spell: Swiftness
 55515 | Swamp:1  | Killed LynnLen's ghost
 55919 | Elf:2    | Identified the +1 battleaxe of Dung {flame, rElec rC+ SInv}
 55958 | Elf:2    | Found a runed translucent gate.
 55958 | Elf:2    | Found a runed translucent gate.
 55960 | Elf:2    | Found a runed translucent gate.
 56672 | Elf:2    | Noticed Jorgrun
 56680 | Elf:2    | Killed Jorgrun
 56914 | Elf:3    | Entered Level 3 of the Elven Halls
 57039 | Elf:3    | Reached XP level 22. HP: 103/103 MP: 25/38
 57191 | Elf:3    | Identified the ring "Ycaiqeupp" {Ice rElec Will- Str+7}
 57304 | Elf:3    | Identified the ring "Udipti" {rElec rF+ rN++ Int+3 Dex-4}
 57370 | Elf:3    | Identified the ring of Ezasil {rElec rC- Will+ AC+4 Stlth+}
 57379 | Elf:3    | Identified the +9 dagger of Doom {freeze, rF+}
 57538 | Elf:3    | Identified the staff of fire "Ywkowk" {rF+ Str+6 Int+4
                  | Dex+3 SInv}
 58031 | Elf:3    | Got the Cyclopedia of Sizzling Points
 58644 | Elf:1    | Killed middlethird's ghost
 59133 | Lair:1   | Bought a potion of magic for 144 gold pieces
 59133 | Lair:1   | Bought a potion of mutation for 144 gold pieces
 59133 | Lair:1   | Bought 2 potions of mutation for 288 gold pieces
 59275 | Slime:1  | Entered Level 1 of the Pits of Slime
 59369 | Slime:1  | You fall into a shaft and drop 1 floor!
 59999 | Slime:1  | Lost mutation: You are very agile. (Dex +8, Str/Int -2) [a
                  | shining eye]
 60101 | Slime:2  | Gained mutation: You expend magic power (3 MP) to
                  | strengthen your wands. [a shining eye]
 60163 | Slime:2  | Gained mutation: Your magical capacity is low. (-10% MP) [a
                  | shining eye]
 60301 | Slime:1  | Lost mutation: Your mind is acute. (Int +4, Str/Dex -1)
                  | [potion of mutation]
 60301 | Slime:1  | Lost mutation: Your magical capacity is low. (-10% MP)
                  | [potion of mutation]
 60301 | Slime:1  | Gained mutation: You passively map a small area around you.
                  | [potion of mutation]
 60979 | Slime:3  | Gained mutation: You are frail. (-10% HP) [a shining eye]
 62016 | Slime:5  | Entered Level 5 of the Pits of Slime
 62300 | Slime:5  | Noticed the Royal Jelly
 63077 | Slime:5  | Found a viscous altar of Jiyva.
 63081 | Slime:5  | Found the +5 glaive of the Guard {elec, spectral, AC+5}
 63207 | Slime:5  | Identified the ring of Howemuet {rElec rN+ Will+}
 63235 | Slime:5  | Killed the Royal Jelly
 63333 | Slime:5  | Got the Cyclopedia of Effluvium and Feathers
 63336 | Slime:5  | Gained mutation: You occasionally shout uncontrollably at
                  | your foes. [a shining eye]
 63339 | Slime:5  | Gained mutation: You are vulnerable to cold. (rC-) [a
                  | shining eye]
 63405 | Slime:5  | Got a slimy rune of Zot
 64028 | Lair:2   | Lost mutation: You are vulnerable to cold. (rC-) [potion of
                  | mutation]
 64028 | Lair:2   | Lost mutation: You occasionally shout uncontrollably at
                  | your foes. [potion of mutation]
 64028 | Lair:2   | Lost mutation: You passively map a small area around you.
                  | [potion of mutation]
 64028 | Lair:2   | Lost mutation: You are frail. (-10% HP) [potion of
                  | mutation]
 64246 | Crypt:1  | Entered Level 1 of the Crypt
 64364 | Crypt:1  | Noticed Bai Suzhen
 64398 | Crypt:1  | Killed Bai Suzhen
 64484 | Crypt:1  | Reached XP level 23. HP: 106/106 MP: 2/40
 64933 | Crypt:1  | Found a burning altar of Makhleb.
 65635 | Crypt:2  | Noticed Mennas
 65913 | Crypt:2  | Killed Mennas
 66226 | Crypt:2  | Reached skill level 15 in Transmutations
 66257 | Crypt:2  | Noticed an ancient lich
 66266 | Crypt:2  | Killed an ancient lich
 66984 | Crypt:3  | Entered Level 3 of the Crypt
 67258 | Crypt:3  | Noticed a curse toe
 67291 | Crypt:3  | Killed a curse toe
 67802 | Crypt:3  | Found a basalt altar of Yredelemnul.
 67810 | Crypt:3  | Found an ancient bone altar of Kikubaaqudgha.
 67861 | Crypt:3  | Found a staircase to the Tomb.
 68321 | Crypt:3  | Identified the ring of Gygh {*Corrode rN+ Int+2 SInv}
 68321 | Crypt:3  | Identified the ring "Uzxurr" {rPois rN+ Will+ Dex+4}
 68321 | Crypt:3  | Identified the ring "Vaese" {rN+ Int+3}
 68383 | Crypt:3  | Got the Notes on Nival Command
 68690 | Lair:1   | Bought an Inescapable Atlas for 640 gold pieces
 68695 | Lair:1   | Learned a level 4 spell: Manifold Assault
 68896 | Hell     | Entered the Vestibule of Hell
 68896 | Hell     | Noticed Geryon
 68901 | Hell     | Reached XP level 24. HP: 111/111 MP: 11/40
 68946 | Hell     | Gained mutation: You are weak. (Str -2) [a cacodemon]
 68950 | Hell     | Reached skill level 27 in Dodging
 68950 | Hell     | Killed Geryon
 69110 | Hell     | Found a gateway to the freezing wastes of Cocytus.
 69156 | Hell     | Found a gateway to the Iron City of Dis.
 69305 | Hell     | Found a gateway to the ashen valley of Gehenna.
 69331 | Hell     | Found a gateway to the decaying netherworld of Tartarus.
 69966 | Vaults:5 | Entered Level 5 of the Vaults
 69969 | Vaults:5 | Noticed an ancient lich
 69970 | Vaults:5 | Killed an ancient lich
 69976 | Vaults:5 | Reached skill level 15 in Spellcasting
 70017 | Vaults:5 | Noticed a dread lich
 70018 | Vaults:5 | Noticed Boris
 70018 | Vaults:5 | Noticed an ancient lich
 70055 | Vaults:5 | Killed Boris
 70056 | Vaults:5 | Killed an ancient lich
 70058 | Vaults:5 | Noticed a dread lich
 70098 | Vaults:5 | Killed a dread lich
 70099 | Vaults:5 | Killed a dread lich
 70100 | Vaults:5 | Reached XP level 25. HP: 114/114 MP: 29/45
 70376 | Vaults:5 | Identified the +2 falchion of the Dancing Jester {speed,
                  | rF++ rCorr Str+2 Dex-4}
 70962 | Vaults:5 | Identified the +0 robe of Fedhas, Disbelieving {rN+ Int+2
                  | Dex-3 SInv}
 71022 | Vaults:5 | Identified the +5 halberd of Xebask {venom, rPois rF+ rC-
                  | rN++}
 71076 | Vaults:5 | Got a silver rune of Zot
 71945 | Zot:1    | Entered Level 1 of the Realm of Zot
 72022 | Zot:1    | Noticed Parghit
 72025 | Zot:1    | Killed Parghit
 72128 | Zot:1    | Identified the ring of the Burgomaster {Ice rPois rN++
                  | Int+2 Stlth+}
 72128 | Zot:1    | Noticed Josephina
 72131 | Zot:1    | Killed Josephina
 73156 | Zot:1    | Lost mutation: Your flesh is heat resistant. (rF+) [potion
                  | of mutation]
 73156 | Zot:1    | Lost mutation: You expend magic power (3 MP) to strengthen
                  | your wands. [potion of mutation]
 73156 | Zot:1    | Lost mutation: You are weak. (Str -2) [potion of mutation]
 73156 | Zot:1    | Gained mutation: You have hidden genetic defects. [potion
                  | of mutation]
 73156 | Zot:1    | Gained mutation: You passively dampen the noise of your
                  | surroundings. [potion of mutation]
 73156 | Zot:1    | Gained mutation: You are very agile. (Dex +8, Str/Int -2)
                  | [potion of mutation]
 73156 | Zot:1    | Gained mutation: You are partially covered in large bone
                  | plates. (SH +4) [potion of mutation]
 73157 | Zot:1    | Lost mutation: You passively dampen the noise of your
                  | surroundings. [potion of mutation]
 73157 | Zot:1    | Lost mutation: You are very agile. (Dex +8, Str/Int -2)
                  | [potion of mutation]
 73157 | Zot:1    | Lost mutation: You have hidden genetic defects. [potion of
                  | mutation]
 73157 | Zot:1    | Lost mutation: You are partially covered in large bone
                  | plates. (SH +4) [potion of mutation]
 73166 | Zot:1    | Lost mutation: You are agile. (Dex +4, Str/Int -1) [potion
                  | of mutation]
 73166 | Zot:1    | Gained mutation: You are vulnerable to heat. (rF-) [potion
                  | of mutation]
 73166 | Zot:1    | Gained mutation: Your natural rate of healing is unusually
                  | fast. [potion of mutation]
 73167 | Zot:1    | Lost mutation: You are vulnerable to heat. (rF-) [potion of
                  | mutation]
 73167 | Zot:1    | Lost mutation: Your natural rate of healing is unusually
                  | fast. [potion of mutation]
 73167 | Zot:1    | Gained mutation: You are partially covered in iridescent
                  | scales. (AC +2) [potion of mutation]
 73167 | Zot:1    | Gained mutation: You occasionally lose the ability to drink
                  | potions when taking damage. [potion of mutation]
 73167 | Zot:1    | Gained mutation: You are occasionally teleported next to
                  | monsters. [potion of mutation]
 73167 | Zot:1    | Gained mutation: You are somewhat resistant to further
                  | mutation. [potion of mutation]
 73168 | Zot:1    | Lost mutation: You are partially covered in iridescent
                  | scales. (AC +2) [potion of mutation]
 73168 | Zot:1    | Lost mutation: You are occasionally teleported next to
                  | monsters. [potion of mutation]
 73168 | Zot:1    | Gained mutation: You passively dampen the noise of your
                  | surroundings. [potion of mutation]
 73169 | Zot:1    | Lost mutation: You are somewhat resistant to further
                  | mutation. [potion of mutation]
 73169 | Zot:1    | Lost mutation: You passively dampen the noise of your
                  | surroundings. [potion of mutation]
 73169 | Zot:1    | Gained mutation: Your body sometimes deteriorates upon
                  | taking damage. [potion of mutation]
 73169 | Zot:1    | Gained mutation: You are partially covered in iridescent
                  | scales. (AC +2) [potion of mutation]
 73169 | Zot:1    | Gained mutation: You are weak. (Str -2) [potion of
                  | mutation]
 73170 | Zot:1    | Lost mutation: You are partially covered in iridescent
                  | scales. (AC +2) [potion of mutation]
 73170 | Zot:1    | Lost mutation: Your body sometimes deteriorates upon taking
                  | damage. [potion of mutation]
 73170 | Zot:1    | Lost mutation: You are weak. (Str -2) [potion of mutation]
 73170 | Zot:1    | Gained mutation: You do not regenerate when monsters are
                  | visible. [potion of mutation]
 73170 | Zot:1    | Gained mutation: Your mind is acute. (Int +4, Str/Dex -1)
                  | [potion of mutation]
 73170 | Zot:1    | Gained mutation: You have a pair of small antennae on your
                  | head. [potion of mutation]
 73171 | Zot:1    | Lost mutation: You occasionally lose the ability to drink
                  | potions when taking damage. [potion of mutation]
 73171 | Zot:1    | Lost mutation: You do not regenerate when monsters are
                  | visible. [potion of mutation]
 73285 | Zot:2    | Noticed Grunn
 73288 | Zot:2    | Killed Grunn
 75809 | Zot:4    | Reached skill level 15 in Unarmed Combat
 76258 | Zot:5    | Entered Level 5 of the Realm of Zot
 76318 | Zot:5    | Reached XP level 26. HP: 118/118 MP: 12/48
 76670 | Zot:5    | Noticed an orb of fire
 76672 | Zot:5    | Noticed an orb of fire
 76722 | Zot:5    | Gained mutation: You sometimes lose your temper in combat.
                  | [an orb of fire]
 76724 | Zot:5    | Gained mutation: You are weak. (Str -2) [an orb of fire]
 76726 | Zot:4    | Gained mutation: You have an uncontrollable temper. [an orb
                  | of fire]
 76729 | Zot:4    | Gained mutation: Your body sometimes deteriorates upon
                  | taking damage. [an orb of fire]
 76741 | Zot:4    | Killed an orb of fire
 76781 | Zot:4    | Lost mutation: Your mind is acute. (Int +4, Str/Dex -1)
                  | [potion of mutation]
 76781 | Zot:4    | Lost mutation: You are weak. (Str -2) [potion of mutation]
 76781 | Zot:4    | Lost mutation: You have a pair of small antennae on your
                  | head. [potion of mutation]
 76781 | Zot:4    | Gained mutation: You are robust. (+10% HP) [potion of
                  | mutation]
 76781 | Zot:4    | Gained mutation: Your system is resistant to poisons.
                  | (rPois) [potion of mutation]
 76781 | Zot:4    | Gained mutation: You are partially covered in iridescent
                  | scales. (AC +2) [potion of mutation]
 76782 | Zot:4    | Lost mutation: Your system is resistant to poisons. (rPois)
                  | [potion of mutation]
 76782 | Zot:4    | Lost mutation: You have an uncontrollable temper. [potion
                  | of mutation]
 76782 | Zot:4    | Lost mutation: You are robust. (+10% HP) [potion of
                  | mutation]
 76782 | Zot:4    | Gained mutation: You have a pair of small antennae on your
                  | head. [potion of mutation]
 76782 | Zot:4    | Gained mutation: You are resistant to electric shocks.
                  | (rElec) [potion of mutation]
 76783 | Zot:4    | Lost mutation: You are resistant to electric shocks.
                  | (rElec) [potion of mutation]
 76783 | Zot:4    | Lost mutation: You have a pair of small antennae on your
                  | head. [potion of mutation]
 76783 | Zot:4    | Lost mutation: You are partially covered in iridescent
                  | scales. (AC +2) [potion of mutation]
 76783 | Zot:4    | Gained mutation: You occasionally shout uncontrollably at
                  | your foes. [potion of mutation]
 76783 | Zot:4    | Lost mutation: Your body sometimes deteriorates upon taking
                  | damage. [potion of mutation]
 76783 | Zot:4    | Gained mutation: You passively dampen the noise of your
                  | surroundings. [potion of mutation]
 76784 | Zot:4    | Lost mutation: You passively dampen the noise of your
                  | surroundings. [potion of mutation]
 76784 | Zot:4    | Lost mutation: You sometimes lose your temper in combat.
                  | [potion of mutation]
 76784 | Zot:4    | Lost mutation: You occasionally shout uncontrollably at
                  | your foes. [potion of mutation]
 76784 | Zot:4    | Gained mutation: You are somewhat resistant to further
                  | mutation. [potion of mutation]
 76784 | Zot:4    | Gained mutation: You are frail. (-10% HP) [potion of
                  | mutation]
 77034 | Orc:1    | Bought a potion of mutation for 144 gold pieces
 77066 | Orc:2    | Bought a potion of mutation for 88 gold pieces
 77066 | Orc:2    | Bought a scroll of blinking for 82 gold pieces
 77228 | Lair:1   | Bought a potion of mutation for 224 gold pieces
 77545 | Depths:4 | Learned a level 8 spell: Necromutation
 77668 | Depths:4 | Learned a level 9 spell: Death's Door
 77669 | Pan      | Entered Pandemonium
 77687 | Pan      | Reached skill level 1 in Translocations
 77801 | Pan      | Found an exit through the horrors of the Abyss.
 78020 | Pan      | Reached skill level 5 in Translocations
 78147 | Pan      | Gained mutation: You occasionally lose the ability to drink
                  | potions when taking damage. [a neqoxec]
 78152 | Pan      | Noticed Founyutiwi the pandemonium lord
 78156 | Pan      | Killed Founyutiwi the pandemonium lord
 78513 | Pan      | Reached skill level 10 in Translocations
 79148 | Pan      | Reached skill level 15 in Fighting
 79423 | Pan      | Found an exit through the horrors of the Abyss.
 79451 | Pan      | Noticed Isas the pandemonium lord
 79468 | Pan      | Killed Isas the pandemonium lord
 79952 | Pan      | Found a runed translucent door.
 79990 | Pan      | Got a demonic rune of Zot
 80157 | Pan      | Learned a level 3 spell: Summon Guardian Golem
 80242 | Pan      | Noticed Damuaditiu the pandemonium lord
 80251 | Pan      | Killed Damuaditiu the pandemonium lord
 80259 | Pan      | Gained mutation: You sometimes lose the ability to drink
                  | potions when taking damage. [a cacodemon]
 80773 | Pan      | Noticed Vaacu the pandemonium lord
 80784 | Pan      | Killed Vaacu the pandemonium lord
 80840 | Pan      | Entered the realm of Mnoleg.
 81074 | Pan      | Lost mutation: You are frail. (-10% HP) [potion of
                  | mutation]
 81074 | Pan      | Lost mutation: You sometimes lose the ability to drink
                  | potions when taking damage. [potion of mutation]
 81124 | Pan      | Gained mutation: You are clumsy. (Dex -2) [a neqoxec]
 81492 | Pan      | Noticed Mnoleg
 81505 | Pan      | Killed Mnoleg
 81506 | Pan      | Reached XP level 27. HP: 127/127 MP: 30/48
 81508 | Pan      | Gained mutation: Your spells are a little harder to cast,
                  | but a little more powerful. [a neqoxec]
 81538 | Pan      | Gained mutation: You sometimes lose your temper in combat.
                  | [a cacodemon]
 81543 | Pan      | Gained mutation: You are vulnerable to heat. (rF-) [a
                  | cacodemon]
 81587 | Pan      | Got a glowing rune of Zot
 81663 | Pan      | Entered the realm of Gloorx Vloq.
 81784 | Pan      | Found an exit through the horrors of the Abyss.
 81933 | Pan      | Reached skill level 15 in Necromancy
 82681 | Pan      | Noticed Gloorx Vloq
 82696 | Pan      | Killed Gloorx Vloq
 82767 | Pan      | Got a dark rune of Zot
 83065 | Pan      | Noticed a seraph
 83074 | Pan      | Killed a seraph
 83092 | Pan      | Identified the +1 tower shield "Joidyidu" {rElec Dex+6}
 83096 | Pan      | Reached skill level 10 in Stealth
 83452 | Pan      | Identified the ring of Uffoitsueb {rElec MP+9 Str-4 Dex+3}
 83896 | Pan      | Entered the realm of Cerebov.
 84752 | Pan      | Identified the +3 whip "Vuicvy" {flame, Str+3}
 84783 | Pan      | Identified the +10 spear of the New World {freeze, Contam
                  | Will++ rCorr Stlth+}
 85749 | Pan      | Identified the +0 robe of Divine Intervention {Dex+3}
 85870 | Pan      | Found the +6 sword of Cerebov {flame}
 85870 | Pan      | Noticed Cerebov
 85895 | Pan      | HP: 3/171 [Brimstone Fiend/damnation[Cerebov] (34)]
 85896 | Pan      | Killed from afar by Cerebov
 85975 | Pan      | Killed Cerebov
 86227 | Pan      | Identified the +4 arbalest "Corcheth" {flame, Contam Drain
                  | Str+6}
 86304 | Pan      | Got a fiery rune of Zot
 86703 | Pan      | Found a transporter.
 86894 | Pan      | Gained mutation: Your magical capacity is low. (-10% MP)
                  | [mutagenic glow]
 87040 | Pan      | Identified the ring of Xetute {rPois rN+ AC+4 Int+3 Stlth-}
 87049 | Pan      | Identified the ring of Icin {Str+6 Int+4}
 87100 | Pan      | Entered the realm of Lom Lobon.
 88050 | Pan      | Identified the +7 rapier "Ukez" {venom, Stlth+}
 88628 | Pan      | Lost mutation: Your spells are a little harder to cast, but
                  | a little more powerful. [potion of mutation]
 88628 | Pan      | Lost mutation: You sometimes lose your temper in combat.
                  | [potion of mutation]
 88632 | Pan      | Lost mutation: You occasionally lose the ability to drink
                  | potions when taking damage. [potion of mutation]
 88632 | Pan      | Lost mutation: You are somewhat resistant to further
                  | mutation. [potion of mutation]
 88632 | Pan      | Gained mutation: You occasionally lose the ability to drink
                  | potions when taking damage. [potion of mutation]
 88632 | Pan      | Gained mutation: You expend magic power (3 MP) to
                  | strengthen your wands. [potion of mutation]
 88632 | Pan      | Lost mutation: Your magical capacity is low. (-10% MP)
                  | [potion of mutation]
 88632 | Pan      | Gained mutation: Your system is resistant to poisons.
                  | (rPois) [potion of mutation]
 88635 | Pan      | Lost mutation: You are clumsy. (Dex -2) [potion of
                  | mutation]
 88635 | Pan      | Lost mutation: You expend magic power (3 MP) to strengthen
                  | your wands. [potion of mutation]
 88635 | Pan      | Lost mutation: You occasionally lose the ability to drink
                  | potions when taking damage. [potion of mutation]
 88635 | Pan      | Gained mutation: You occasionally shout uncontrollably at
                  | your foes. [potion of mutation]
 88635 | Pan      | Gained mutation: You have a pair of small horns on your
                  | head. [potion of mutation]
 88635 | Pan      | Gained mutation: You are somewhat resistant to further
                  | mutation. [potion of mutation]
 88637 | Pan      | Lost mutation: You are vulnerable to heat. (rF-) [potion of
                  | mutation]
 88637 | Pan      | Lost mutation: Your system is resistant to poisons. (rPois)
                  | [potion of mutation]
 88637 | Pan      | Lost mutation: You are somewhat resistant to further
                  | mutation. [potion of mutation]
 88637 | Pan      | Gained mutation: You are robust. (+10% HP) [potion of
                  | mutation]
 88637 | Pan      | Lost mutation: You have a pair of small horns on your head.
                  | [potion of mutation]
 88637 | Pan      | Gained mutation: You possess an exceptional clarity of
                  | mind. [potion of mutation]
 88637 | Pan      | Gained mutation: You expend magic power (3 MP) to
                  | strengthen your wands. [potion of mutation]
 88802 | Pan      | Got a magical rune of Zot
 88864 | Pan      | Reached skill level 15 in Stealth
 89382 | Pan      | Identified the ring of Lefunya {rElec rN+ MP+9 Str-5 Int+2}
 89488 | Pan      | Noticed Ufaufem the pandemonium lord
 89547 | Pan      | Killed Ufaufem the pandemonium lord
 89923 | Pan      | Found an exit through the horrors of the Abyss.
 90235 | Pan      | Noticed Lom Lobon
 90249 | Pan      | Killed Lom Lobon
 90313 | Pan      | Noticed Sox Kiti the pandemonium lord
 90317 | Pan      | Killed Sox Kiti the pandemonium lord
 90474 | Pan      | Found an exit through the horrors of the Abyss.
 90867 | Pan      | Gained mutation: You occasionally lose the ability to read
                  | scrolls when taking damage. [a neqoxec]
 90976 | Pan      | Found an exit through the horrors of the Abyss.
 91063 | Pan      | Identified the amulet "Jiughim" {RegenMP Str-5 Int+4}
 91091 | Pan      | Found a transporter.
 91683 | Pan      | Found a transporter.
 91750 | Pan      | Took an exit into the Abyss.
 91750 | Abyss:1  | Escaped into the Abyss
 91751 | Abyss:1  | Found a corrupted altar of Lugonu.
 91927 | Abyss:1  | Found a sparkling altar of Nemelex Xobeh.
 91942 | Abyss:1  | Found a sparkling altar of Nemelex Xobeh.
 91942 | Abyss:1  | Found a sparkling altar of Nemelex Xobeh.
 92025 | Abyss:1  | Found a corrupted altar of Lugonu.
 92230 | Abyss:1  | Found a shimmering altar of Xom.
 92257 | Abyss:1  | Noticed a dread lich
 92271 | Abyss:1  | Killed a dread lich
 92570 | Abyss:1  | Found a corrupted altar of Lugonu.
 92607 | Abyss:1  | Found a corrupted altar of Lugonu.
 92630 | Abyss:2  | Found a corrupted altar of Lugonu.
 92640 | Abyss:2  | Found a corrupted altar of Lugonu.
 92937 | Abyss:3  | Found a corrupted altar of Lugonu.
 93000 | Abyss:3  | Paralysed by accursed screaming for 1 turns
 93039 | Depths:4 | Escaped the Abyss
 93415 | Lair:1   | Bought a potion of haste for 210 gold pieces
 93415 | Lair:1   | Bought 2 potions of magic for 336 gold pieces
 93415 | Lair:1   | Bought a potion of haste for 210 gold pieces
 93416 | Lair:1   | Bought the macabre finger necklace {Finger+ rN+} for 920
                  | gold pieces
 93416 | Lair:1   | Found the macabre finger necklace {Finger+ rN+}
 93425 | Lair:1   | Bought the ring of Shadows {Umbra +Inv Stlth+} for 800 gold
                  | pieces
 93425 | Lair:1   | Found the ring of Shadows {Umbra +Inv Stlth+}
 93645 | Geh:1    | Entered Level 1 of Gehenna
 94459 | Geh:7    | Entered Level 7 of Gehenna
 95687 | Geh:7    | Identified the staff of cold "Zotuasha" {rC+ Str+4 SInv}
 96381 | Geh:7    | Found the +13 sceptre of Asmodeus
 96381 | Geh:7    | Noticed Asmodeus
 96400 | Geh:7    | Killed Asmodeus
 96469 | Geh:7    | Got an obsidian rune of Zot
 96470 | Geh:7    | Identified the staff of earth "Talost Futh" {Str+2 Dex+3}
 96477 | Geh:7    | Got the Meditations on the Red-Hot Throng
 96487 | Geh:7    | Identified the +4 arbalest "Amoc Gia" {heavy, Dex+2}
 96722 | Coc:1    | Entered Level 1 of Cocytus
 96878 | Coc:2    | You fall into a shaft and drop 2 floors!
 97530 | Coc:6    | Paralysed by a wendigo for 1 turns
 97786 | Coc:7    | Entered Level 7 of Cocytus
 99068 | Coc:7    | Paralysed by a wendigo for 1 turns
 99627 | Coc:7    | Reached skill level 27 in Fighting
 99947 | Coc:7    | Identified the +10 dagger of Xom's Displeasure {drain,
                  | Dex+4}
 99947 | Coc:7    | Noticed Antaeus
100006 | Coc:7    | Killed Antaeus
100070 | Coc:7    | Got an icy rune of Zot
100073 | Coc:7    | Found the +1 cloak of Starlight {*Dazzle EV+4 Stlth--}
100430 | Tar:1    | Entered Level 1 of Tartarus
101382 | Tar:6    | Lost strength.
101384 | Tar:6    | Noticed a dread lich
101388 | Tar:6    | Killed a dread lich
101930 | Tar:7    | Entered Level 7 of Tartarus
104075 | Tar:7    | Noticed the Serpent of Hell
104093 | Tar:7    | Killed the Serpent of Hell
104336 | Tar:7    | Noticed Ereshkigal
104340 | Tar:7    | Paralysed by Ereshkigal for 5 turns
104372 | Tar:7    | Killed Ereshkigal
104372 | Tar:7    | Found the +9 sword of Power {lifebolt}
104429 | Tar:7    | Got a bone rune of Zot
104430 | Tar:7    | Identified the +9 falchion of Strategic Superiority
                  | {freeze, *Noise +Blink rN+++ Dex+2}
104432 | Tar:7    | Identified the +7 hand axe "Ablaru Feak" {flame, rC+ rN+}
104997 | Dis:1    | Entered Level 1 of the Iron City of Dis
106184 | Dis:4    | You fall into a shaft and drop 2 floors!
106501 | Dis:7    | Entered Level 7 of the Iron City of Dis
106917 | Dis:7    | Noticed a juggernaut
106929 | Dis:7    | Killed a juggernaut
106949 | Dis:7    | Identified the +1 leather armour of the Dice {Will+++
                  | Regen+ Dex-2 SInv}
106950 | Dis:7    | Identified the +6 battleaxe "Ceon" {spect, Fly rF- rCorr
                  | Int+6}
106958 | Dis:7    | Identified the +7 scale mail "Tupist" {Harm Int-5 Dex+4
                  | Stlth+}
108103 | Dis:7    | Reached skill level 27 in Spellcasting
108207 | Dis:7    | HP: 4/211 [Hell Sentinel/damnation (30)]
108667 | Dis:7    | Noticed a dread lich
108677 | Dis:7    | Killed a dread lich
109439 | Dis:7    | Noticed a juggernaut
109456 | Dis:7    | Killed a juggernaut
109794 | Dis:7    | Reached skill level 27 in Earth Magic
109965 | Dis:7    | Learned a level 8 spell: Lehudib's Crystal Spear
109995 | Dis:7    | Identified the +7 hand axe "Makhluo" {vamp, rF+ MP-9 Str+3
                  | Int+3}
109995 | Dis:7    | Noticed Dispater
110009 | Dis:7    | Killed Dispater
110057 | Dis:7    | Got an iron rune of Zot
110064 | Dis:7    | Got the Octavo of Amalgamated Dark Ceremonies
110752 | Tomb:1   | Entered Level 1 of the Tomb of the Ancients
111339 | Tomb:1   | Lost strength.
111634 | Tomb:1   | Identified the amulet "Kysimor" {rElec rN+ Regen+ Dex+2}
111947 | Tomb:1   | Noticed a royal mummy
111948 | Tomb:1   | Noticed a royal mummy
111960 | Tomb:1   | Killed a royal mummy
111960 | Tomb:1   | Killed a royal mummy
112344 | Tomb:1   | Noticed a royal mummy
112347 | Tomb:1   | Noticed a royal mummy
112347 | Tomb:1   | Noticed a royal mummy
112349 | Tomb:1   | Noticed a royal mummy
112349 | Tomb:1   | Identified the +1 ring mail "Fymeir" {rPois}
112352 | Tomb:1   | Noticed a royal mummy
112354 | Tomb:1   | Killed a royal mummy
112354 | Tomb:1   | Noticed a royal mummy
112355 | Tomb:1   | Killed a royal mummy
112358 | Tomb:1   | Killed a royal mummy
112363 | Tomb:1   | Killed a royal mummy
112364 | Tomb:1   | Noticed a royal mummy
112367 | Tomb:1   | Killed a royal mummy
112372 | Tomb:1   | Killed a royal mummy
112380 | Tomb:1   | Killed a royal mummy
112604 | Tomb:1   | Noticed a royal mummy
112604 | Tomb:1   | Noticed a royal mummy
112606 | Tomb:1   | Noticed a royal mummy
112607 | Tomb:1   | Noticed a royal mummy
112612 | Tomb:1   | Killed a royal mummy
112615 | Tomb:1   | Noticed a royal mummy
112616 | Tomb:1   | Killed a royal mummy
112620 | Tomb:1   | Killed a royal mummy
112625 | Tomb:1   | Killed a royal mummy
112628 | Tomb:1   | Killed a royal mummy
112882 | Tomb:1   | Identified the +6 rapier of Uzuigi {venom, Int+3}
112917 | Tomb:1   | Noticed a royal mummy
112929 | Tomb:1   | Killed a royal mummy
113554 | Tomb:3   | Entered Level 3 of the Tomb of the Ancients
113573 | Tomb:3   | Noticed a royal mummy
113578 | Tomb:3   | Killed a royal mummy
113585 | Tomb:3   | Noticed a royal mummy
113591 | Tomb:3   | Killed a royal mummy
113602 | Tomb:3   | Killed a royal mummy
113608 | Tomb:3   | Lost strength.
113835 | Tomb:3   | Killed a royal mummy
113849 | Tomb:3   | Noticed a royal mummy
113853 | Tomb:3   | Found the +1 robe of Vines {NoPotionHeal Regen++++}
113857 | Tomb:3   | Killed a royal mummy
113875 | Tomb:3   | Found the dreamshard necklace {*Dream Drain}
113875 | Tomb:3   | Found the ring of the Tortoise {AC+8}
113877 | Tomb:3   | Found the sphere of Battle
113891 | Tomb:3   | Found the +3 greatsling "Punk" {acid, rCorr}
113925 | Tomb:3   | Identified the ring "Ymapne" {MP+9 EV+5}
113928 | Tomb:3   | Identified the ring "Ibal" {Wiz rF+}
113945 | Tomb:3   | Identified the +8 battleaxe "Gifil" {heavy, Dex+3}
113991 | Tomb:3   | Noticed Khufu
114042 | Tomb:3   | Noticed a royal mummy
114050 | Tomb:3   | Killed a royal mummy
114127 | Tomb:3   | Noticed a royal mummy
114131 | Tomb:3   | Noticed a royal mummy
114171 | Tomb:3   | Got a golden rune of Zot
114733 | Zot:4    | Lost mutation: You are robust. (+10% HP) [potion of
                  | mutation]
114733 | Zot:4    | Lost mutation: You occasionally lose the ability to read
                  | scrolls when taking damage. [potion of mutation]
114733 | Zot:4    | Gained mutation: Your flesh is cold resistant. (rC+)
                  | [potion of mutation]
114733 | Zot:4    | Gained mutation: You are robust. (+10% HP) [potion of
                  | mutation]
114733 | Zot:4    | Gained mutation: You have hidden genetic potential. [potion
                  | of mutation]
115733 | Zot:5    | Gained mutation: Your body sometimes deteriorates upon
                  | taking damage. [an orb of fire]
115741 | Zot:4    | Gained mutation: You are dopey. (Int -2) [an orb of fire]
115749 | Zot:4    | Killed an orb of fire
116482 | Zot:5    | Noticed an orb of fire
116483 | Zot:5    | Gained mutation: You are vulnerable to heat. (rF-) [an orb
                  | of fire]
116625 | Zot:4    | Lost mutation: You occasionally shout uncontrollably at
                  | your foes. [potion of mutation]
116625 | Zot:4    | Lost mutation: You are vulnerable to heat. (rF-) [potion of
                  | mutation]
116625 | Zot:4    | Lost mutation: You possess an exceptional clarity of mind.
                  | [potion of mutation]
116625 | Zot:4    | Lost mutation: You are dopey. (Int -2) [potion of mutation]
116625 | Zot:4    | Gained mutation: Your spells are a little harder to cast,
                  | but a little more powerful. [potion of mutation]
116635 | Zot:4    | Learned a level 7 spell: Haunt
116644 | Zot:5    | Lost mutation: Your flesh is cold resistant. (rC+) [an orb
                  | of fire]
116645 | Zot:5    | Gained mutation: You are weak. (Str -2) [an orb of fire]
116645 | Zot:5    | Lost mutation: Your spells are a little harder to cast, but
                  | a little more powerful. [an orb of fire]
116655 | Zot:5    | Killed an orb of fire
116668 | Zot:5    | Noticed an orb of fire
116683 | Zot:5    | Killed an orb of fire
116774 | Zot:5    | Noticed an orb of fire
116776 | Zot:5    | Gained mutation: You possess an exceptional clarity of
                  | mind. [an orb of fire]
116778 | Zot:5    | Gained mutation: Your magical capacity is low. (-10% MP)
                  | [an orb of fire]
116784 | Zot:5    | Gained mutation: You are dopey. (Int -2) [an orb of fire]
116784 | Zot:5    | Gained mutation: Your body often deteriorates upon taking
                  | damage. [an orb of fire]
116902 | Zot:5    | Gained mutation: You are clumsy. (Dex -2) [an orb of fire]
116903 | Zot:5    | Gained mutation: You are very clumsy. (Dex -4) [an orb of
                  | fire]
116905 | Zot:5    | Lost mutation: You are dopey. (Int -2) [an orb of fire]
116910 | Zot:5    | Killed an orb of fire
117095 | Zot:5    | Noticed an orb of fire
117104 | Zot:5    | Lost strength.
117105 | Zot:5    | Gained mutation: You are dopey. (Int -2) [an orb of fire]
117116 | Zot:4    | Killed from afar by an orb of fire
117156 | Zot:4    | Gained mutation: Your spells are a little easier to cast,
                  | but a little less powerful. [an orb of fire]
117157 | Zot:4    | Killed an orb of fire
117308 | Zot:5    | Noticed an orb of fire
117356 | Zot:5    | Lost mutation: You are robust. (+10% HP) [an orb of fire]
117362 | Zot:5    | Killed an orb of fire
117568 | Zot:5    | Lost strength.
117784 | Zot:5    | Noticed an orb of fire
117791 | Zot:5    | Gained mutation: Potions are less effective at restoring
                  | your health. [an orb of fire]
117792 | Zot:5    | Gained mutation: Potions cannot restore your health. [an
                  | orb of fire]
117796 | Zot:5    | Gained mutation: Your spells are easier to cast, but less
                  | powerful. [an orb of fire]
117798 | Zot:5    | Killed an orb of fire
117829 | Zot:5    | Noticed an ancient lich
117835 | Zot:5    | Killed an ancient lich
119491 | Zot:5    | Lost strength.
122003 | Zot:5    | Lost mutation: Potions cannot restore your health. [potion
                  | of mutation]
122003 | Zot:5    | Lost mutation: You are dopey. (Int -2) [potion of mutation]
122008 | Zot:5    | Got the Orb of Zot
122048 | Zot:5    | Gained mutation: You are dopey. (Int -2) [a cacodemon]
122054 | Zot:5    | Lost mutation: You have hidden genetic potential. [a
                  | cacodemon]
122055 | Zot:5    | Gained mutation: You are vulnerable to cold. (rC-) [a
                  | cacodemon]
122056 | Zot:5    | Noticed Birph the pandemonium lord
122525 | D:4      | Noticed Lozau the pandemonium lord
122694 | D:9      | Lost strength.
122897 | Depths:3 | Voluntarily entered the Abyss.
122901 | Abyss:3  | Found a corrupted altar of Lugonu.
122911 | Abyss:3  | Found a corrupted altar of Lugonu.
122978 | Abyss:3  | Found a corrupted altar of Lugonu.
123041 | Abyss:3  | Gained mutation: Potions cannot restore your health. [a
                  | neqoxec]
123042 | Abyss:3  | Gained mutation: You occasionally lose the ability to read
                  | scrolls when taking damage. [a neqoxec]
123063 | Abyss:3  | Found a corrupted altar of Lugonu.
123071 | Abyss:3  | Found a corrupted altar of Lugonu.
123071 | Abyss:3  | Found a corrupted altar of Lugonu.
123324 | Abyss:3  | Gained mutation: You are very dopey. (Int -4) [a neqoxec]
123325 | Abyss:3  | Lost strength.
123325 | Abyss:3  | Gained mutation: You are very weak. (Str -4) [a neqoxec]
123328 | Abyss:3  | Gained mutation: Your magical capacity is very low. (-20%
                  | MP) [a neqoxec]
123329 | Abyss:3  | Found a stormy altar of Qazlal.
123329 | Abyss:3  | Found a burning altar of Makhleb.
123329 | Abyss:3  | Found a hide-covered altar of Uskayaw.
123329 | Abyss:3  | Found an ancient bone altar of Kikubaaqudgha.
123329 | Abyss:3  | Found a glowing silver altar of Zin.
123329 | Abyss:3  | Found a snail-covered altar of Cheibriados.
123330 | Abyss:3  | Found a sparkling altar of Nemelex Xobeh.
123330 | Abyss:3  | Found a shimmering blue altar of Sif Muna.
123330 | Abyss:3  | Found an iron altar of Okawaru.
123330 | Abyss:3  | Found a shimmering blue altar of Sif Muna.
123331 | Abyss:3  | Found a white marble altar of Elyvilon.
123331 | Abyss:3  | Found a blossoming altar of Fedhas.
123331 | Abyss:3  | Found a hazy altar of Hepliaklqana.
123331 | Abyss:3  | Found an ornate altar of the Wu Jian Council.
123331 | Abyss:3  | Found a radiant altar of Vehumet.
123332 | Abyss:3  | Found a glowing golden altar of the Shining One.
123332 | Abyss:3  | Found a bloodstained altar of Trog.
123332 | Abyss:3  | Found a glowing silver altar of Zin.
123332 | Abyss:3  | Found a shadowy altar of Dithmenos.
123332 | Abyss:3  | Found a sacrificial altar of Ru.
123332 | Abyss:3  | Found a basalt altar of Yredelemnul.
123334 | Abyss:3  | Found a bloodstained altar of Trog.
123334 | Abyss:3  | Found a bloodstained altar of Trog.
123336 | Abyss:3  | Found a bloodstained altar of Trog.
123339 | Abyss:3  | Found a shimmering altar of Xom.
123339 | Abyss:3  | Found a basalt altar of Yredelemnul.
123339 | Abyss:3  | Found an opulent altar of Gozag.
123342 | Abyss:3  | Reached skill level 27 in Transmutations
123344 | Abyss:3  | Found a basalt altar of Yredelemnul.
123344 | Abyss:3  | Found a sacrificial altar of Ru.
123344 | Abyss:3  | Found an opulent altar of Gozag.
123344 | Abyss:3  | Found a shadowy altar of Dithmenos.
123344 | Abyss:3  | Found a shimmering blue altar of Sif Muna.
123344 | Abyss:3  | Found a shimmering blue altar of Sif Muna.
123344 | Abyss:3  | Found an iron altar of Okawaru.
123344 | Abyss:3  | Found a shimmering altar of Xom.
123344 | Abyss:3  | Found a glowing silver altar of Zin.
123344 | Abyss:3  | Found a hazy altar of Hepliaklqana.
123344 | Abyss:3  | Found a hide-covered altar of Uskayaw.
123344 | Abyss:3  | Found an ancient bone altar of Kikubaaqudgha.
123344 | Abyss:3  | Found a basalt altar of Yredelemnul.
123344 | Abyss:3  | Found a sacrificial altar of Ru.
123344 | Abyss:3  | Found an opulent altar of Gozag.
123344 | Abyss:3  | Found a shadowy altar of Dithmenos.
123344 | Abyss:3  | Found a shimmering blue altar of Sif Muna.
123344 | Abyss:3  | Found a shimmering blue altar of Sif Muna.
123344 | Abyss:3  | Found an iron altar of Okawaru.
123344 | Abyss:3  | Found a shimmering altar of Xom.
123344 | Abyss:3  | Found a glowing silver altar of Zin.
123344 | Abyss:3  | Found a hazy altar of Hepliaklqana.
123344 | Abyss:3  | Found a hide-covered altar of Uskayaw.
123344 | Abyss:3  | Found an ancient bone altar of Kikubaaqudgha.
123345 | Abyss:3  | Found a radiant altar of Vehumet.
123532 | Abyss:3  | Gained mutation: You sometimes lose the ability to read
                  | scrolls when taking damage. [a neqoxec]
123549 | Abyss:3  | HP: 6/193 [starcursed mass/accursed screaming (10)]
123552 | Abyss:4  | Found a corrupted altar of Lugonu.
123606 | Abyss:4  | Got an abyssal rune of Zot
123676 | Abyss:5  | Found a corrupted altar of Lugonu.
123682 | Depths:3 | Escaped the Abyss
123707 | Depths:3 | Noticed Fyrata the pandemonium lord
123717 | Depths:3 | Killed Fyrata the pandemonium lord
123826 | D:15     | Noticed Jogucavi the pandemonium lord
123920 | D:10     | Noticed Ocenasa the pandemonium lord
124117 | D:$      | Escaped with the Orb!

Illustrated notes

Levels and vault maps discovered:
D:1:      dpeg_arrival_ratfight, layout_basic, nicolae_shop_unique_rings,
          minmay_indecisive_spiral
D:2:      layout_loops_cross, basic_altar, chequers_ecumenical_altar_twisty,
          chequers_hall_statues_corner_a, minmay_strange_pillars
D:3:      layout_loops_corners, serial_shops, nicolae_shop_dealshenge,
          ebering_ghost_inner_flame, uniq_robin
D:4:      layout_loops_ring
D:5:      kennysheep_kobold_camp, layout_cave_pools,
          minmay_temple_entry_stoned_glass
D:6:      layout_basic, nzn_overflow_gifts_of_might_and_magic, kennysheep_mini,
          mainiacjoe_overflow_catwalk_spiral, enter_ossuary_5, uniq_pikel
D:7:      wad_guarded_room, layout_gridville, nicolae_dithmenos_the_darkroom
D:8:      minmay_the_grid_octo_tiled_octocenter [minmay_the_grid_octo_odd_swirl,
          minmay_the_grid_octo_clover_2, minmay_the_grid_octo_checkerflower,
          minmay_the_grid_octo_pinwheel, minmay_the_grid_octo_prize_big_c,
          minmay_the_grid_square_5x5_six_small, minmay_the_grid_square_5x5_six,
          minmay_the_grid_square_5x5_two_walls_b,
          minmay_the_grid_square_5x5_inner_v], layout_loops_ring,
          grunt_decor_fettered
D:9:      layout_roguey
D:10:     layout_basic, serial_shops, nicolae_shop_pleasant_corner_grove,
          enter_bailey_5
D:11:     layout_basic, orc_0_dummy, gammafunk_ghost_spectres,
          nicolae_vehumet_radiance
D:12:     layout_irregular_city, uniq_rupert
D:13:     layout_stronghold, gauntlet_entry_generic
D:14:     doesnt_quadruple_sword, layout_irregular_city, david_vaults_3,
          minmay_door_square, minivault_16
D:15:     hangedman_depths_entry_try_elsewhere_first, layout_cross,
          ebering_ghost_disaster_area
Temple:   regret_index_temple_sphere_string
Lair:1:   layout_long_grid, kennysheep_abandoned_house
Lair:2:   minmay_lair_oklob_chamber, layout_cave_pods, spider_nest_entry_a,
          grunt_megastairs_3, lemuel_fruit_fields
Lair:3:   layout_regular_city, nicolae_swamp_entry_spooky,
          infiniplex_staircase_pool_2, lemuel_fruit_tree, grunt_megastairs_1
Lair:4:   layout_regular_city, nicolae_lair_grazing_beasts
          [nicolae_sub_lair_graze_edge, nicolae_sub_lair_graze_edge,
          nicolae_sub_lair_graze_edge, nicolae_sub_lair_graze_edge],
          infiniplex_staircase_pool, uniq_sonja
Lair:5:   due_jungle_book, layout_loops_ring, dpeg_slime_entry_corner,
          nicolae_volcano_entry_vermiform, st_stairs_11
Swamp:1:  layout_basic_swamp, gammafunk_ghost_hydra_chop, serial_swamp_ruin,
          evilmike_swamp_ruin_house_1, evilmike_swamp_ruin_house_6,
          evilmike_swamp_ruin_house_4
Swamp:2:  gammafunk_mikee_crab_dinner, layout_falls_marsh,
          hangedman_swamp_ruin_wall
Swamp:3:  layout_basic_swamp, evilmike_swamp_ruin_rubble_2, swamp_pool3
Swamp:4:  swamp_old_school, layout_basic_swamp, swamp_pool3,
          nzn_swamp_dancing_lights
Spider:1: layout_spider_delve
Spider:2: layout_chambers
Spider:3: layout_spider_delve, nicolae_spider_shape,
          hangedman_spider_tarantella_strand
Spider:4: grunt_spider_rune_circles
Slime:1:  layout_caves
Slime:2:  layout_caves
Slime:3:  layout_caves
Slime:4:  layout_caves
Slime:5
Orc:1:    layout_caves, serial_shops, nicolae_lakefront_shop, shop,
          nicolae_shop_drivethru, shop
Orc:2:    pf_orc_diabolical, layout_caves, uniq_urug, uniq_donald
Elf:1:    minmay_elf_arrival_summoners, layout_onion_city, gammafunk_ghost_ooze,
          hangedman_elf_disciples, uniq_azrael, uniq_kirke
Elf:2:    elven_hall_of_blades_hangedman_original [mumra_blade_entry_bloodbath],
          layout_loops_cross, uniq_jorgrun
Elf:3:    grunt_elf_hall_diamonds, layout_rooms
Vaults:1: v_misc_24, v_misc_32, nicolae_vaults_trapezoid_lopsided_4,
          hangedman_vaults_nails, nicolae_vaults_offset_grid_hallway_4,
          v_misc_22, vaults_room_fancy_cross, nicolae_vaults_theta,
          nicolae_vaults_lightning_bolt, nicolae_vaults_big_angled_halls,
          nicolae_vaults_diamond_2, v_misc_16, hangedman_vaults_cutoff,
          nicolae_vaults_shipping_containers_5, vaults_dpeg_ring,
          layout_vaults_ring, serial_shops, nicolae_diamond_shop
Vaults:2: nicolae_vaults_taking_the_gang_shopping, nicolae_vaults_big_ls,
          ontoclasm_vaults_decontamination, minmay_crypt_entry_nasty_monster,
          vaults_dpeg_diagonal, vaults_mumra_hexcomb, v_pattern_5,
          nicolae_vaults_double_plus_3, nicolae_vaults_border_crossing,
          nicolae_vaults_hexular_roomagon, grunt_vaults_hallway_short,
          nicolae_vaults_triangles, nicolae_vaults_offset_grid_hallway_4,
          layout_vaults_omnicross, serial_shops, nicolae_shop_waterfront,
          uniq_frederick, uniq_margery, uniq_xtahua
Vaults:3: nicolae_vaults_tetromino_T_1, nicolae_vaults_circle_grid_a,
          nicolae_vaults_trapezoid_3, vaults_room_door_ring,
          vaults_standard_mumra_enter_the_diamond,
          nicolae_vaults_little_squares_4, v_misc_30, vaults_room_door_hall,
          v_alt_pattern_3, layout_vaults_big_room, serial_shops,
          nicolae_shop_mannequins, uniq_saint_roka
Vaults:4: nicolae_vaults_network_barrier, nicolae_vaults_double_plus_1,
          hangedman_vaults_corner_blocks, nicolae_vaults_little_ls,
          nicolae_vaults_storage_closets_3, vaults_room_door_ring,
          vaults_room_hallway, nicolae_vaults_trapezoid_lopsided_4,
          layout_vaults_omnigrid
Vaults:5: serial_shops, uniq_boris
Crypt:1:  layout_gridlike, st_stairs_4, amcnicky_mini_corridor_feature,
          nicolae_crypt_soggy_tomb, nicolae_nh_vlads_tower,
          grunt_crypt_arrival_split, uniq_bai_suzhen
Crypt:2:  layout_catacombs, special_room [special_room_morgue], uniq_mennas
Crypt:3:  lightli_unholy_cathedral, layout_chaotic_city,
          nicolae_tomb_entry_unfolded_pyramid_diagonal, grunt_ministairs_1
Tomb:1
Tomb:2
Tomb:3
Depths:1: layout_cave_pools, lemuel_doored_altar, hell_entry, hex_tiny,
          lightli_gold_pyramid, minmay_shop_star
Depths:2: gammafunk_sealed_library, layout_gridlike, rand_demon_pan_entry_9,
          hell_entry, glass_columns_a, infiniplex_staircase_pool_1,
          serial_bayou_shore_b
Depths:3: minmay_isolated_rectangles_in_corner, layout_twisted_cross,
          enter_ziggurat_e, grunt_hell_entry_demonic_statue, abyss_entry,
          chequers_serial_rivers_marsh, serial_shops, shop,
          infiniplex_staircase_x
Depths:4: grunt_twist_and_shout, layout_basic, hell_entry,
          nicolae_sif_muna_condensation, rand_demon_pan_entry_4,
          abyss_entry_flame_altar, minmay_gold_behind_fungi,
          grunt_gozag_breadcrumbs
Hell
Dis:1:    layout_gridville
Dis:2:    layout_gridville, nicolae_dis_scattering
Dis:3:    layout_subdivisions
Dis:4:    layout_subdivisions
Dis:6:    layout_gridville
Dis:7:    dis_st
Geh:1:    layout_gehenna_lava_caves
Geh:2:    layout_gehenna_pools_triple
Geh:3:    layout_gehenna_lava_caves
Geh:4:    layout_gehenna_pools_basic
Geh:5:    layout_gehenna_pools_triple
Geh:6:    layout_gehenna_pools_triple
Geh:7:    geh_grunt
Coc:1:    layout_ice_bergs
Coc:2:    layout_ice_bergs
Coc:4:    layout_cocytus_delve
Coc:5:    layout_cocytus_water_paths
Coc:6:    layout_ice_bergs
Coc:7:    coc_old
Tar:1:    layout_honeycomb, nicolae_tar_cuneiform_sun, nicolae_tar_combbox
Tar:2:    layout_grid_maze, nicolae_tar_cuneiform_oil
Tar:3:    layout_honeycomb, nicolae_tar_combstack
Tar:4:    layout_grid_maze, lemuel_nasty_fountain
Tar:5:    layout_honeycomb
Tar:6:    layout_grid_maze, nicolae_tar_grid_combs
Tar:7:    tar_minmay_river
Zot:1:    layout_misc_corridors, bh_zot_ikea_curve, grunt_megastairs_5,
          uniq_josephina, uniq_parghit
Zot:2:    layout_misc_corridors, hangedman_spider_trapstep, uniq_grunn
Zot:3:    layout_basic
Zot:4:    layout_misc_corridors
Zot:5:    layout_onion

Skill      XL: |  1  2  3  4  5  6  7  8  9 10 11 12 13 14 15 16 17 18 19 20 21 22 23 24 25 26 27 |
---------------+----------------------------------------------------------------------------------+-----
Earth Magic    | 3 4 5 9 10 12 16 19 21 23 24 25 26 27 | 27.0
Dodging        | 3 5 11 13 15 20 21 23 25 26 27 | 27.0
Conjurations   | 2 5 8 9 10 | 10.0
Spellcasting   | 6 8 10 11 12 17 20 27 | 27.0
Fighting       | 4 8 10 13 14 16 27 | 27.0
Unarmed Combat | 1 6 11 16 17 21 | 21.6
Transmutations | 7 10 12 18 27 | 27.0
Stealth        | 8 21 | 21.5
Necromancy     | 7 10 12 14 20 | 20.3
Translocations | 11 | 11.3

Action                     |  1- 3 |  4- 6 |  7- 9 | 10-12 | 13-15 | 16-18 | 19-21 | 22-24 | 25-27 || total
---------------------------+-------+-------+-------+-------+-------+-------+-------+-------+-------++-------
  Melee: Unarmed           |     1 |       |     2 |     2 |   249 |   367 |   631 |   366 |  1802 ||  3420
         Bite              |       |       |       |     1 |    57 |    84 |   171 |    97 |   410 ||   820
         Punch             |       |       |       |       |    24 |    38 |    97 |    49 |   431 ||   639
   Cast: Sandblast         |    42 |    50 |   220 |    58 |    89 |    10 |    18 |     6 |    13 ||   506
         Stone Arrow       |       |       |   109 |   369 |   562 |    71 |    52 |    67 |   315 ||  1545
         Petrify           |       |       |       |     1 |    33 |       |       |       |     2 ||    36
         Statue Form       |       |       |       |       |    34 |   101 |   106 |   112 |   488 ||   841
         Borgnjor's Vile C |       |       |       |       |   149 |   558 |   590 |   126 |  1858 ||  3281
         Leda's Liquefacti |       |       |       |       |     9 |     6 |    30 |    32 |   101 ||   178
         Irradiate         |       |       |       |       |     6 |     5 |       |       |       ||    11
         Shatter           |       |       |       |       |       |       |     8 |   298 |   526 ||   832
         Necromutation     |       |       |       |       |       |       |       |       |    38 ||    38
         Manifold Assault  |       |       |       |       |       |       |       |       |     4 ||     4
         Haunt             |       |       |       |       |       |       |       |       |    26 ||    26
         Lehudib's Crystal |       |       |       |       |       |       |       |       |    10 ||    10
 Invoke: Call Merchant     |       |       |       |     3 |     2 |     3 |     3 |     2 |     4 ||    17
         Potion Petition   |       |       |       |       |       |     1 |       |       |    17 ||    18
         Bribe Branch      |       |       |       |       |       |       |       |       |     2 ||     2
Ability: End Transformatio |       |       |       |       |     2 |     2 |       |     3 |   166 ||   173
  Evoke: Phial of floods   |       |       |       |       |       |     1 |       |       |       ||     1
         Phantom mirror    |       |       |       |       |       |       |       |       |     1 ||     1
    Use: Scroll            |       |       |    10 |    10 |    15 |     1 |     2 |     2 |    29 ||    69
         Potion            |       |       |     8 |     3 |     6 |     4 |     3 |    16 |    69 ||   109
   Stab: Petrified         |       |       |       |       |    33 |       |       |       |       ||    33
         Petrifying        |       |       |       |       |     4 |       |       |       |       ||     4
         Distracted        |       |       |       |       |     2 |    10 |    17 |     3 |    26 ||    58
         Sleeping          |       |       |       |       |       |       |       |       |     3 ||     3
 Armour: Skin              |       |       |    10 |     2 |   104 |   216 |   241 |   201 |  1169 ||  1943
  Dodge: Dodged            |    27 |    16 |   108 |   120 |   993 |  1867 |  2060 |  1676 |  7209 || 14076
